Workbook

Sheet Instrumento de Coleta - 22
B2: Ciclo do Planejamento Estratégico do Sesc 2022-2026
B4: Coleta de Resultados
B6: * Os campos em cinza são de preenchimento automático
B7: Objetivo Estratégico | C7: Indicador | D7: Fórmula | E7: Meta Retif. Nacional | F7: Meta DR | G7: Resultado Acumulado | H7: Comentários sobre o resultado do mês no Departamento Regional | I7: Variáveis | J7: Janeiro | K7: Fevereiro | L7: Março | M7: Abril | N7: Maio | O7: Junho | P7: Julho | Q7: Agosto | R7: Setembro | S7: Outubro | T7: Novembro | U7: Dezembro
B9: Assegurar o equilíbrio econômico financeiro da Instituição | C9: Índice de comprometimento da receita corrente (ICRR) | D9: (Despesas Correntes / Receitas Correntes) * 100 | E9: 0.858 | F9: 0.915 | G9: =IFERROR(SUM(J9:U9)/SUM(J10:U10),"-") -> 0.59414562 | I9: Despesas Correntes | J9: 16422174 | K9: 20809735 | L9: 19664872 | M9: 20553850 | N9: 22717857 | O9: 20296979 | P9: 23819381 | Q9: 23410089 | R9: 25763114 | S9: 23377064 | T9: 24548218 | U9: 24625355
I10: Receitas Correntes | J10: 27501107 | K10: 27763166 | L10: 29508181 | M10: 30275455 | N10: 95227725 | O10: 29917736 | P10: 30508123 | Q10: 32858575 | R10: 33902703 | S10: 32802154 | T10: 31431308 | U10: 46020082
I11: % | J11: =IFERROR(J9/J10,"-") -> 0.59714594 | K11: =IFERROR(K9/K10,"-") -> 0.74954472 | L11: =IFERROR(L9/L10,"-") -> 0.66642101 | M11: =IFERROR(M9/M10,"-") -> 0.67889484 | N11: =IFERROR(N9/N10,"-") -> 0.23856347 | O11: =IFERROR(O9/O10,"-") -> 0.6784263 | P11: =IFERROR(P9/P10,"-") -> 0.78075536 | Q11: =IFERROR(Q9/Q10,"-") -> 0.71244993 | ... U11: =IFERROR(U9/U10,"-") -> 0.5351002
B13: Proporcionar ambiente de valorização das pessoas | C13: Índice de Demissões Voluntárias (IDV) | D13: (Demissões voluntárias / Total de empregados no período de referência) * 100 | E13: 0.053 | F13: 0.12 | G13: =IFERROR(SUM(J13:U13)/INDEX(J14:U14,1,MATCH("-",J14:U14,0)-1),SUM(J13:U13)/U14) -> 0.18504213 | I13: Demissões voluntárias | J13: 32 | K13: 81 | L13: 62 | M13: 45 | N13: 45 | O13: 39 | P13: 53 | Q13: 41 | R13: 36 | S13: 28 | T13: 29 | U13: 36
I14: Total de empregados no período de referência | J14: 2471 | K14: 2600 | L14: 2648 | M14: 2682 | N14: 2663 | O14: 2681 | P14: 2702 | Q14: 2759 | R14: 2775 | S14: 2803 | T14: 2813 | U14: 2848
I15: % | J15: =IFERROR(J13/J14,"-") -> 0.012950223 | K15: =IFERROR(K13/K14,"-") -> 0.031153846 | L15: =IFERROR(L13/L14,"-") -> 0.023413897 | M15: =IFERROR(M13/M14,"-") -> 0.016778523 | N15: =IFERROR(N13/N14,"-") -> 0.016898235 | O15: =IFERROR(O13/O14,"-") -> 0.014546811 | P15: =IFERROR(P13/P14,"-") -> 0.0196151 | Q15: =IFERROR(Q13/Q14,"-") -> 0.014860457 | ... U15: =IFERROR(U13/U14,"-") -> 0.012640449
B16: Promover ações de desenvolvimento | C16: Índice de Empregados Treinados (IET) | D16: (Nº de empregados que participaram das ações de desenvolvimento / Nº total de empregados) * 100 | E16: 0.669 | F16: 0.58 | G16: =IFERROR(SUM(J16:U16)/INDEX(J17:U17,1,MATCH("-",J17:U17,0)-1),SUM(J16:U16)/U17) -> 0.95646067 | I16: Nº de empregados que participaram das ações de desenvolvimento | J16: 33 | K16: 672 | L16: 129 | M16: 637 | N16: 448 | O16: 135 | P16: 181 | Q16: 109 | R16: 115 | S16: 118 | T16: 74 | U16: 73
I17: Nº total de empregados | J17: =J14 -> 2471 | K17: =K14 -> 2600 | L17: =L14 -> 2648 | M17: =M14 -> 2682 | N17: =N14 -> 2663 | O17: =O14 -> 2681 | P17: =P14 -> 2702 | Q17: =Q14 -> 2759 | ... U17: =U14 -> 2848
I18: % | J18: =IFERROR(J16/J17,"-") -> 0.013354917 | K18: =IFERROR(K16/K17,"-") -> 0.25846154 | L18: =IFERROR(L16/L17,"-") -> 0.048716012 | M18: =IFERROR(M16/M17,"-") -> 0.23750932 | N18: =IFERROR(N16/N17,"-") -> 0.16823132 | O18: =IFERROR(O16/O17,"-") -> 0.050354345 | P18: =IFERROR(P16/P17,"-") -> 0.066987417 | Q18: =IFERROR(Q16/Q17,"-") -> 0.039507068 | ... U18: =IFERROR(U16/U17,"-") -> 0.025632022
B19: Assegurar a funcionalidade da infraestrutura para o desenvolvimento das ações | C19: Índice de Investimentos Realizados em Infraestrutura (IIRI) | D19: (Despesas de capital / Receitas Correntes) * 100 | E19: 0.208 | F19: 0.09 | G19: =IFERROR(SUM(J19:U19)/SUM(J20:U20),"-") -> 0.055790577 | I19: Despesas de Capital | J19: 1637844.6 | K19: 1050143.4 | L19: 2925301.1 | M19: 1483830.2 | N19: 1254397.5 | O19: 2226344.5 | P19: 1811364.4 | Q19: 1229061 | R19: 1174569.6 | S19: 3187578.3 | T19: 2744100.1 | U19: 4253817
I20: Receitas Correntes | J20: =IF(J10=0,"-",J10) -> 27501107 | K20: =IF(K10=0,"-",K10) -> 27763166 | L20: =IF(L10=0,"-",L10) -> 29508181 | M20: =IF(M10=0,"-",M10) -> 30275455 | N20: =IF(N10=0,"-",N10) -> 95227725 | O20: =IF(O10=0,"-",O10) -> 29917736 | P20: =IF(P10=0,"-",P10) -> 30508123 | Q20: =IF(Q10=0,"-",Q10) -> 32858575 | ... U20: =IF(U10=0,"-",U10) -> 46020082
I21: % | J21: =IFERROR(J19/J20,"-") -> 0.059555587 | K21: =IFERROR(K19/K20,"-") -> 0.03782506 | L21: =IFERROR(L19/L20,"-") -> 0.099135258 | M21: =IFERROR(M19/M20,"-") -> 0.049010995 | N21: =IFERROR(N19/N20,"-") -> 0.013172608 | O21: =IFERROR(O19/O20,"-") -> 0.07441554 | P21: =IFERROR(P19/P20,"-") -> 0.059373183 | Q21: =IFERROR(Q19/Q20,"-") -> 0.037404573 | ... U21: =IFERROR(U19/U20,"-") -> 0.092433928
C22: Índice de Recursos Financeiros Alocados em Manutenção (IRFM) | D22: (Despesas correntes de manutenção / Receitas Correntes) * 100 | E22: 0.104 | F22: 0.026 | G22: =IFERROR(SUM(J22:U22)/SUM(J23:U23),"-") -> 0.1411401 | I22: Despesas correntes de manutenção | J22: 4684629.7 | K22: 4827560.3 | L22: 4462075.4 | M22: 4675432.1 | N22: 8516162.2 | O22: 4475055.5 | P22: 4586929.5 | Q22: 5178295.2 | R22: 4830044 | S22: 5177571.7 | T22: 5711215.5 | U22: 6065752.6
I23: Receitas Correntes | J23: =IF(J10=0,"-",J10) -> 27501107 | K23: =IF(K10=0,"-",K10) -> 27763166 | L23: =IF(L10=0,"-",L10) -> 29508181 | M23: =IF(M10=0,"-",M10) -> 30275455 | N23: =IF(N10=0,"-",N10) -> 95227725 | O23: =IF(O10=0,"-",O10) -> 29917736 | P23: =IF(P10=0,"-",P10) -> 30508123 | Q23: =IF(Q10=0,"-",Q10) -> 32858575 | ... U23: =IF(U10=0,"-",U10) -> 46020082
I24: % | J24: =IFERROR(J22/J23,"-") -> 0.17034332 | K24: =IFERROR(K22/K23,"-") -> 0.17388363 | L24: =IFERROR(L22/L23,"-") -> 0.15121486 | M24: =IFERROR(M22/M23,"-") -> 0.15442979 | N24: =IFERROR(N22/N23,"-") -> 0.089429442 | O24: =IFERROR(O22/O23,"-") -> 0.14957868 | P24: =IFERROR(P22/P23,"-") -> 0.15035109 | Q24: =IFERROR(Q22/Q23,"-") -> 0.15759342 | ... U24: =IFERROR(U22/U23,"-") -> 0.13180664
B25: Aprimorar soluções de tecnologia da informação e comunicação (TIC) | C25: Índice de Recursos Financeiros Alocados em Tecnologia da Informação e Comunicação (IRFT) | D25: (Despesas com TIC / Receitas correntes) * 100 | E25: 0.02 | F25: 0.015 | G25: =IFERROR(SUM(J25:U25)/SUM(J26:U26),"-") -> 0.010833284 | I25: Despesas com TIC | J25: 179893.69 | K25: 200074.31 | L25: 410342.02 | M25: 155290.32 | N25: 131483.31 | O25: 180741.95 | P25: 504529 | Q25: 254540.04 | R25: 2267639.6 | S25: 30170.74 | T25: 280858.85 | U25: 254674.07
I26: Receitas correntes | J26: =IF(J10=0,"-",J10) -> 27501107 | K26: =IF(K10=0,"-",K10) -> 27763166 | L26: =IF(L10=0,"-",L10) -> 29508181 | M26: =IF(M10=0,"-",M10) -> 30275455 | N26: =IF(N10=0,"-",N10) -> 95227725 | O26: =IF(O10=0,"-",O10) -> 29917736 | P26: =IF(P10=0,"-",P10) -> 30508123 | Q26: =IF(Q10=0,"-",Q10) -> 32858575 | ... U26: =IF(U10=0,"-",U10) -> 46020082
I27: % | J27: =IFERROR(J25/J26,"-") -> 0.0065413255 | K27: =IFERROR(K25/K26,"-") -> 0.0072064659 | L27: =IFERROR(L25/L26,"-") -> 0.013906043 | M27: =IFERROR(M25/M26,"-") -> 0.005129248 | N27: =IFERROR(N25/N26,"-") -> 0.0013807251 | O27: =IFERROR(O25/O26,"-") -> 0.0060412977 | P27: =IFERROR(P25/P26,"-") -> 0.01653753 | Q27: =IFERROR(Q25/Q26,"-") -> 0.0077465332 | ... U27: =IFERROR(U25/U26,"-") -> 0.0055339768
B29: Garantir parâmetros de sustentabilidade na gestão dos processos | C29: Índice de Ecoeficiência (IECO) | D29: [(energia kWh / 100) + água m3] / área total ou construída m2 | E29: - | F29: - | G29: =IFERROR(IFERROR(((SUM(J29:U29)/100)+SUM(J30:U30))/INDEX(J31:U31,1,MATCH("-",J31:U31,0)-1),((SUM(J29:U29)/100)+SUM(J30:U30))/U31),"-") -> 1.5600514 | I29: Energia kWh - Registradas em cada mês | J29: 18554 | K29: 20974 | L29: 21610 | M29: 19190 | N29: 14888 | O29: 11007 | P29: 12795 | Q29: 13461 | R29: 13017 | S29: 13411 | T29: 13174 | U29: 16634
I30: Água m3 - Registradas em cada mês | J30: 76.93 | K30: 55.86 | L30: 94.57 | M30: 94.57 | N30: 86.24 | O30: 90.16 | P30: 92.12 | Q30: 89.67 | R30: 94.08 | S30: 100.94 | T30: 97.02 | U30: 92.12
I31: Área total ou construída m2 | J31: 1891.88 | K31: 1891.88 | L31: 1891.88 | M31: 1891.88 | N31: 1891.88 | O31: 1891.88 | P31: 1891.88 | Q31: 1891.88 | R31: 1891.88 | S31: 1891.88 | T31: 1891.88 | U31: 1891.88
I32: % | J32: =IFERROR(((J29/100)+J30)/J31,"-") -> 0.13873501 | K32: =IFERROR(((K29/100)+K30)/K31,"-") -> 0.14038945 | L32: =IFERROR(((L29/100)+L30)/L31,"-") -> 0.16421232 | M32: =IFERROR(((M29/100)+M30)/M31,"-") -> 0.15142081 | N32: =IFERROR(((N29/100)+N30)/N31,"-") -> 0.1242785 | O32: =IFERROR(((O29/100)+O30)/O31,"-") -> 0.10583652 | P32: =IFERROR(((P29/100)+P30)/P31,"-") -> 0.11632345 | Q32: =IFERROR(((Q29/100)+Q30)/Q31,"-") -> 0.11854875 | ... U32: =IFERROR(((U29/100)+U30)/U31,"-") -> 0.13661543
B33: Articular e fortalecer projetos em rede | C33: Índice de Ações em Rede Implementadas (IARI) | D33: (Ações em rede realizadas / Ações em redes planejadas) * 100 | E33: 0.797 | F33: 1 | G33: =IFERROR(SUM(J33:U33)/SUM(J34:U34),"-") -> 1 | I33: Ações em rede realizadas | J33: 3 | K33: 3 | L33: 4 | M33: 2 | N33: 4 | O33: 4 | P33: 0 | Q33: 2 | R33: 4 | S33: 1 | T33: 1 | U33: 1
I34: Ações em redes planejadas | J34: 3 | K34: 3 | L34: 4 | M34: 2 | N34: 4 | O34: 4 | P34: 0 | Q34: 2 | R34: 4 | S34: 1 | T34: 1 | U34: 1
I35: % | J35: =IFERROR(J33/J34,"-") -> 1 | K35: =IFERROR(K33/K34,"-") -> 1 | L35: =IFERROR(L33/L34,"-") -> 1 | M35: =IFERROR(M33/M34,"-") -> 1 | N35: =IFERROR(N33/N34,"-") -> 1 | O35: =IFERROR(O33/O34,"-") -> 1 | P35: =IFERROR(P33/P34,"-") -> - | Q35: =IFERROR(Q33/Q34,"-") -> 1 | ... U35: =IFERROR(U33/U34,"-") -> 1
B36: Fortalecer o reconhecimento do Sesc | C36: Índice de Reconhecimento do Sesc pelos Clientes e Sociedade como Instituição Social de relevância (IRS) | D36: (Total de respostas bom e ótimo / Total de respostas) * 100 | E36: % | G36: Bianual | H36: - | I36: Total de respostas bom e ótimo | J36: - | K36: - | L36: - | M36: - | N36: - | O36: - | P36: - | Q36: - | R36: - | S36: - | T36: - | U36: -
I37: Total de respostas | J37: - | K37: - | L37: - | M37: - | N37: - | O37: - | P37: - | Q37: - | R37: - | S37: - | T37: - | U37: -
I38: % | J38: - | K38: - | L38: - | M38: - | N38: - | O38: - | P38: - | Q38: - | R38: - | S38: - | T38: - | U38: -

Sheet Instrumento de Coleta - 23
B2: Ciclo do Planejamento Estratégico do Sesc 2022-2026
B4: Coleta de Resultados
B6: * Os campos em cinza são de preenchimento automático
B7: Objetivo Estratégico | C7: Indicador | D7: Fórmula | E7: Meta Retif. Nacional | F7: Meta Retif. DR | G7: Resultado Acumulado | H7: Comentários sobre o resultado do mês no Departamento Regional | I7: Variáveis | J7: Janeiro | K7: Fevereiro | L7: Março | M7: Abril | N7: Maio | O7: Junho | P7: Julho | Q7: Agosto | R7: Setembro | S7: Outubro | T7: Novembro | U7: Dezembro
B9: Assegurar o equilíbrio econômico financeiro da Instituição | C9: Índice de comprometimento da receita corrente (ICRR) | D9: (Despesas Correntes / Receitas Correntes) * 100 | E9: 0.844 | F9: 0.81 | G9: =IFERROR(SUM(J9:U9)/SUM(J10:U10),"-") -> 0.71375108 | I9: Despesas Correntes | J9: 18265803 | K9: 22976138 | L9: 24708347 | M9: 24479824 | N9: 25841553 | O9: 27025443 | P9: 24965092 | Q9: 28060195 | R9: 29790604 | S9: 30136412 | T9: 29268176 | U9: 32966817
I10: Receitas Correntes | J10: 33723212 | K10: 33805028 | L10: 35287455 | M10: 34215679 | N10: 36143610 | O10: 37771759 | P10: 36373358 | Q10: 36858730 | R10: 35590476 | S10: 36547955 | T10: 35608787 | U10: 54286098
I11: % | J11: =IFERROR(J9/J10,"-") -> 0.54163888 | K11: =IFERROR(K9/K10,"-") -> 0.67966629 | L11: =IFERROR(L9/L10,"-") -> 0.70020201 | M11: =IFERROR(M9/M10,"-") -> 0.71545632 | N11: =IFERROR(N9/N10,"-") -> 0.71496876 | O11: =IFERROR(O9/O10,"-") -> 0.71549337 | P11: =IFERROR(P9/P10,"-") -> 0.68635655 | Q11: =IFERROR(Q9/Q10,"-") -> 0.76129034 | ... U11: =IFERROR(U9/U10,"-") -> 0.60727918
B13: Proporcionar ambiente de valorização das pessoas | C13: Índice de Demissões Voluntárias (IDV) | D13: (Demissões voluntárias / Total de empregados no período de referência) * 100 | E13: 0.056 | F13: 0.2 | G13: =IFERROR(IFERROR(SUM(J13:U13)/INDEX(J14:U14,1,MATCH("-",J14:U14,0)-1),SUM(J13:U13)/U14),"-") -> 0.20207254 | I13: Demissões voluntárias | J13: 36 | K13: 76 | L13: 49 | M13: 52 | N13: 51 | O13: 62 | P13: 63 | Q13: 41 | R13: 62 | S13: 41 | T13: 38 | U13: 53
I14: Total de empregados no período de referência | J14: =2848-43 -> 2805 | K14: 2931 | L14: 3013 | M14: 3048 | N14: 3068 | O14: 3073 | P14: 3070 | Q14: 3118 | R14: 3111 | S14: 3109 | T14: 3121 | U14: =3132-44 -> 3088
I15: % | J15: =IFERROR(J13/J14,"-") -> 0.012834225 | K15: =IFERROR(K13/K14,"-") -> 0.025929717 | L15: =IFERROR(L13/L14,"-") -> 0.016262861 | M15: =IFERROR(M13/M14,"-") -> 0.017060367 | N15: =IFERROR(N13/N14,"-") -> 0.016623207 | O15: =IFERROR(O13/O14,"-") -> 0.020175724 | P15: =IFERROR(P13/P14,"-") -> 0.020521173 | Q15: =IFERROR(Q13/Q14,"-") -> 0.013149455 | ... U15: =IFERROR(U13/U14,"-") -> 0.017163212
B16: Promover ações de desenvolvimento | C16: Índice de Empregados Treinados (IET) | D16: (Nº de empregados que participaram das ações de desenvolvimento / Nº total de empregados) * 100 | E16: 0.769 | F16: 0.825 | G16: =IFERROR(IFERROR(SUM(J16:U16)/INDEX(J17:U17,1,MATCH("-",J17:U17,0)-1),SUM(J16:U16)/U17),"-") -> 1.0427461 | I16: Nº de empregados que participaram das ações de desenvolvimento | J16: 60 | K16: 1035 | L16: 371 | M16: 137 | N16: 200 | O16: 134 | P16: 339 | Q16: 164 | R16: 73 | S16: 161 | T16: 195 | U16: 351
I17: Nº total de empregados | J17: =J14 -> 2805 | K17: =K14 -> 2931 | L17: =L14 -> 3013 | M17: =M14 -> 3048 | N17: =N14 -> 3068 | O17: =O14 -> 3073 | P17: =P14 -> 3070 | Q17: =Q14 -> 3118 | ... U17: =U14 -> 3088
I18: % | J18: =IFERROR(J16/J17,"-") -> 0.021390374 | K18: =IFERROR(K16/K17,"-") -> 0.3531218 | L18: =IFERROR(L16/L17,"-") -> 0.12313309 | M18: =IFERROR(M16/M17,"-") -> 0.044947507 | N18: =IFERROR(N16/N17,"-") -> 0.065189048 | O18: =IFERROR(O16/O17,"-") -> 0.043605597 | P18: =IFERROR(P16/P17,"-") -> 0.11042345 | Q18: =IFERROR(Q16/Q17,"-") -> 0.052597819 | ... U18: =IFERROR(U16/U17,"-") -> 0.1136658
B19: Assegurar a funcionalidade da infraestrutura para o desenvolvimento das ações | C19: Índice de Investimentos Realizados em Infraestrutura (IIRI) | D19: (Despesas de capital / Receitas Correntes) * 100 | E19: 0.212 | F19: 0.19 | G19: =IFERROR(SUM(J19:U19)/SUM(J20:U20),"-") -> 0.13855254 | I19: Despesas de Capital | J19: 1356238.5 | K19: 1789484.9 | L19: 2089789.2 | M19: 2356014.8 | N19: 3394248.8 | O19: 1589650.7 | P19: 11495677 | Q19: 2239691 | R19: 2276515.5 | S19: 28537441 | T19: 1922933.1 | U19: 2776144.2
I20: Receitas Correntes | J20: =IF(J10=0,"-",J10) -> 33723212 | K20: =IF(K10=0,"-",K10) -> 33805028 | L20: =IF(L10=0,"-",L10) -> 35287455 | M20: =IF(M10=0,"-",M10) -> 34215679 | N20: =IF(N10=0,"-",N10) -> 36143610 | O20: =IF(O10=0,"-",O10) -> 37771759 | P20: =IF(P10=0,"-",P10) -> 36373358 | Q20: =IF(Q10=0,"-",Q10) -> 36858730 | ... U20: =IF(U10=0,"-",U10) -> 54286098
I21: % | J21: =IFERROR(J19/J20,"-") -> 0.040216765 | K21: =IFERROR(K19/K20,"-") -> 0.052935466 | L21: =IFERROR(L19/L20,"-") -> 0.059221875 | M21: =IFERROR(M19/M20,"-") -> 0.068857754 | N21: =IFERROR(N19/N20,"-") -> 0.093910064 | O21: =IFERROR(O19/O20,"-") -> 0.042085694 | P21: =IFERROR(P19/P20,"-") -> 0.31604662 | Q21: =IFERROR(Q19/Q20,"-") -> 0.060764194 | ... U21: =IFERROR(U19/U20,"-") -> 0.051139136
C22: Índice de Recursos Financeiros Alocados em Manutenção (IRFM) | D22: (Despesas correntes de manutenção / Receitas Correntes) * 100 | E22: 0.113 | F22: 0.201 | G22: =IFERROR(SUM(J22:U22)/SUM(J23:U23),"-") -> 0.17485384 | I22: Despesas correntes de manutenção | J22: 5612079.9 | K22: 5712979.6 | L22: 6476056.8 | M22: 5833143.9 | N22: 6351245.6 | O22: 6924754.8 | P22: 5850989.4 | Q22: 7501560.5 | R22: 7539781 | S22: 6619619.1 | T22: 6623295.5 | U22: 6976401.4
I23: Receitas Correntes | J23: =IF(J10=0,"-",J10) -> 33723212 | K23: =IF(K10=0,"-",K10) -> 33805028 | L23: =IF(L10=0,"-",L10) -> 35287455 | M23: =IF(M10=0,"-",M10) -> 34215679 | N23: =IF(N10=0,"-",N10) -> 36143610 | O23: =IF(O10=0,"-",O10) -> 37771759 | P23: =IF(P10=0,"-",P10) -> 36373358 | Q23: =IF(Q10=0,"-",Q10) -> 36858730 | ... U23: =IF(U10=0,"-",U10) -> 54286098
I24: % | J24: =IFERROR(J22/J23,"-") -> 0.16641593 | K24: =IFERROR(K22/K23,"-") -> 0.16899793 | L24: =IFERROR(L22/L23,"-") -> 0.18352292 | M24: =IFERROR(M22/M23,"-") -> 0.1704816 | N24: =IFERROR(N22/N23,"-") -> 0.1757225 | O24: =IFERROR(O22/O23,"-") -> 0.18333154 | P24: =IFERROR(P22/P23,"-") -> 0.1608592 | Q24: =IFERROR(Q22/Q23,"-") -> 0.20352195 | ... U24: =IFERROR(U22/U23,"-") -> 0.12851175
B25: Aprimorar soluções de tecnologia da informação e comunicação (TIC) | C25: Índice de Recursos Financeiros Alocados em Tecnologia da Informação e Comunicação (IRFT) | D25: (Despesas com TIC / Receitas correntes) * 100 | E25: 0.021 | F25: 0.011 | G25: =IFERROR(SUM(J25:U25)/SUM(J26:U26),"-") -> 0.012779347 | I25: Despesas com TIC | J25: 372053.3 | K25: 219774.08 | L25: 291429.39 | M25: 294469.79 | N25: 503812.76 | O25: 221666.21 | P25: 204468.6 | Q25: 585540.45 | R25: 266836.71 | S25: 2096675.9 | T25: 285770.74 | U25: 359801.73
I26: Receitas correntes | J26: =IF(J10=0,"-",J10) -> 33723212 | K26: =IF(K10=0,"-",K10) -> 33805028 | L26: =IF(L10=0,"-",L10) -> 35287455 | M26: =IF(M10=0,"-",M10) -> 34215679 | N26: =IF(N10=0,"-",N10) -> 36143610 | O26: =IF(O10=0,"-",O10) -> 37771759 | P26: =IF(P10=0,"-",P10) -> 36373358 | Q26: =IF(Q10=0,"-",Q10) -> 36858730 | ... U26: =IF(U10=0,"-",U10) -> 54286098
I27: % | J27: =IFERROR(J25/J26,"-") -> 0.011032558 | K27: =IFERROR(K25/K26,"-") -> 0.0065012247 | L27: =IFERROR(L25/L26,"-") -> 0.0082587252 | M27: =IFERROR(M25/M26,"-") -> 0.0086062821 | N27: =IFERROR(N25/N26,"-") -> 0.013939193 | O27: =IFERROR(O25/O26,"-") -> 0.00586857 | P27: =IFERROR(P25/P26,"-") -> 0.0056213837 | Q27: =IFERROR(Q25/Q26,"-") -> 0.015886072 | ... U27: =IFERROR(U25/U26,"-") -> 0.0066278798
B29: Garantir parâmetros de sustentabilidade na gestão dos processos | C29: Índice de Ecoeficiência (IECO) | D29: [(energia kWh / 100) + água m3] / área total ou construída m2 | E29: 0.666 | F29: 1.597 | G29: =IFERROR(IFERROR(((SUM(J29:U29)/100)+SUM(J30:U30))/INDEX(J31:U31,1,MATCH("-",J31:U31,0)-1),((SUM(J29:U29)/100)+SUM(J30:U30))/U31),"-") -> 1.5805125 | I29: Energia kWh - Registradas em cada mês | J29: 16996 | K29: 23025 | L29: 23266 | M29: 20295 | N29: 15997 | O29: 12359 | P29: 10066 | Q29: 10385 | R29: 10698 | S29: 13702 | T29: 14373 | U29: 12555
I30: Água m3 - Registradas em cada mês | J30: 87.22 | K30: 93.59 | L30: 92.61 | M30: 80.36 | N30: 86.73 | O30: 116.13 | P30: 103.88 | Q30: 88.69 | R30: 100.94 | S30: 94.57 | T30: 94.08 | U30: 114.17
I31: Área total ou construída m2 | J31: 1891.88 | K31: 1891.88 | L31: 1891.88 | M31: 1891.88 | N31: 1891.88 | O31: 1891.88 | P31: 1891.88 | Q31: 1891.88 | R31: 1891.88 | S31: 1891.88 | T31: 1891.88 | U31: 1891.88
I32: Índice | J32: =IFERROR(((J29/100)+J30)/J31,"-") -> 0.13593885 | K32: =IFERROR(((K29/100)+K30)/K31,"-") -> 0.17117365 | L32: =IFERROR(((L29/100)+L30)/L31,"-") -> 0.17192951 | M32: =IFERROR(((M29/100)+M30)/M31,"-") -> 0.14975051 | N32: =IFERROR(((N29/100)+N30)/N31,"-") -> 0.13039939 | O32: =IFERROR(((O29/100)+O30)/O31,"-") -> 0.12670994 | P32: =IFERROR(((P29/100)+P30)/P31,"-") -> 0.10811468 | Q32: =IFERROR(((Q29/100)+Q30)/Q31,"-") -> 0.10177178 | ... U32: =IFERROR(((U29/100)+U30)/U31,"-") -> 0.12670994
B33: Articular e fortalecer projetos em rede | C33: Índice de Ações em Rede Implementadas (IARI) | D33: (Ações em rede realizadas / Ações em redes planejadas) * 100 | E33: 0.776 | F33: 0.946 | G33: =IFERROR(SUM(J33:U33)/SUM(J34:U34),"-") -> 1 | I33: Ações em rede realizadas | J33: 11 | K33: 1 | L33: 5 | M33: 2 | N33: 3 | O33: 1 | P33: 0 | Q33: 2 | R33: 4 | S33: 3 | T33: 0 | U33: 0
I34: Ações em redes planejadas | J34: 11 | K34: 1 | L34: 5 | M34: 2 | N34: 3 | O34: 1 | P34: 0 | Q34: 2 | R34: 4 | S34: 3 | T34: 0 | U34: 0
I35: % | J35: =IFERROR(J33/J34,"-") -> 1 | K35: =IFERROR(K33/K34,"-") -> 1 | L35: =IFERROR(L33/L34,"-") -> 1 | M35: =IFERROR(M33/M34,"-") -> 1 | N35: =IFERROR(N33/N34,"-") -> 1 | O35: =IFERROR(O33/O34,"-") -> 1 | P35: =IFERROR(P33/P34,"-") -> - | Q35: =IFERROR(Q33/Q34,"-") -> 1 | ... U35: =IFERROR(U33/U34,"-") -> -
B36: Fortalecer o reconhecimento do Sesc | C36: Índice de Reconhecimento do Sesc pelos Clientes e Sociedade como Instituição Social de relevância (IRS) | D36: (Total de respostas bom e ótimo / Total de respostas) * 100 | E36: % | G36: Bianual | H36: - | I36: Total de respostas bom e ótimo | J36: - | K36: - | L36: - | M36: - | N36: - | O36: - | P36: - | Q36: - | R36: - | S36: - | T36: - | U36: -
I37: Total de respostas | J37: - | K37: - | L37: - | M37: - | N37: - | O37: - | P37: - | Q37: - | R37: - | S37: - | T37: - | U37: -
I38: % | J38: - | K38: - | L38: - | M38: - | N38: - | O38: - | P38: - | Q38: - | R38: - | S38: - | T38: - | U38: -

Sheet Instrumento de Coleta - 24
B2: Ciclo do Planejamento Estratégico do Sesc 2022-2026
B4: Coleta de Resultados
B6: * Os campos em cinza são de preenchimento automático
B7: Objetivo Estratégico | C7: Indicador | D7: Fórmula | E7: Meta 2024 Retif. em 2023 | F7: Meta 2024 Retif. em 2024 | G7: Resultado Acumulado | H7: Comentários sobre o resultado do mês no Departamento Regional | I7: Variáveis | J7: Janeiro | K7: Fevereiro | L7: Março | M7: Abril | N7: Maio | O7: Junho | P7: Julho | Q7: Agosto | R7: Setembro | S7: Outubro | T7: Novembro | U7: Dezembro
B9: Assegurar o equilíbrio econômico financeiro da Instituição | C9: Índice de comprometimento da receita corrente (ICRR) | D9: (Despesas Correntes / Receitas Correntes) * 100 | E9: 0.9 | F9: 0.808 | G9: =IFERROR(SUM(J9:U9)/SUM(J10:U10),"-") -> 0.66231729 | I9: Despesas Correntes | J9: 22570954 | K9: 31636911 | L9: 38043441 | M9: 31283647 | N9: 31656023 | O9: 32516104 | P9: 30495136 | Q9: 32646646 | R9: 34557740 | S9: 35852799 | T9: 35814279 | U9: 39520011
I10: Receitas Correntes | J10: 40350934 | K10: 39544142 | L10: 97314287 | M10: 41642721 | N10: 40533608 | O10: 43694131 | P10: 44315276 | Q10: 47203252 | R10: 45282233 | S10: 46120820 | T10: 46747801 | U10: 66047926
I11: % | J11: =IFERROR(J9/J10,"-") -> 0.55936634 | K11: =IFERROR(K9/K10,"-") -> 0.80004041 | L11: =IFERROR(L9/L10,"-") -> 0.39093377 | M11: =IFERROR(M9/M10,"-") -> 0.75123926 | N11: =IFERROR(N9/N10,"-") -> 0.78098213 | O11: =IFERROR(O9/O10,"-") -> 0.74417556 | P11: =IFERROR(P9/P10,"-") -> 0.68814051 | Q11: =IFERROR(Q9/Q10,"-") -> 0.69161858 | ... U11: =IFERROR(U9/U10,"-") -> 0.59835355
B13: Proporcionar ambiente de valorização das pessoas | C13: Índice de Demissões Voluntárias (IDV) | D13: (Demissões voluntárias / Total de empregados no período de referência) * 100 | E13: 0.17 | F13: 0.191 | G13: =IFERROR(IFERROR(SUM(J13:U13)/INDEX(J14:U14,1,MATCH("-",J14:U14,0)-1),SUM(J13:U13)/U14),"-") -> 0.19464341 | I13: Demissões voluntárias | J13: 42 | K13: 120 | L13: 59 | M13: 62 | N13: 54 | O13: 42 | P13: 49 | Q13: 43 | R13: 43 | S13: 33 | T13: 41 | U13: 37
I14: Total de empregados no período de referência | J14: 3131 | K14: 3154 | L14: 3198 | M14: 3236 | N14: 3254 | O14: 3254 | P14: 3222 | Q14: 3243 | R14: 3249 | S14: 3259 | T14: 3259 | U14: 3211
I15: % | J15: =IFERROR(J13/J14,"-") -> 0.013414245 | K15: =IFERROR(K13/K14,"-") -> 0.038046925 | L15: =IFERROR(L13/L14,"-") -> 0.018449031 | M15: =IFERROR(M13/M14,"-") -> 0.019159456 | N15: =IFERROR(N13/N14,"-") -> 0.01659496 | O15: =IFERROR(O13/O14,"-") -> 0.012907191 | P15: =IFERROR(P13/P14,"-") -> 0.015207945 | Q15: =IFERROR(Q13/Q14,"-") -> 0.013259328 | ... U15: =IFERROR(U13/U14,"-") -> 0.01152289
B16: Promover ações de desenvolvimento | C16: Índice de Empregados Treinados (IET) | D16: (Nº de empregados que participaram das ações de desenvolvimento / Nº total de empregados) * 100 | E16: 0.7 | F16: 0.97 | G16: =IFERROR(IFERROR(SUM(J16:U16)/INDEX(J17:U17,1,MATCH("-",J17:U17,0)-1),SUM(J16:U16)/U17),"-") -> 1.00872 | I16: Nº de empregados que participaram das ações de desenvolvimento | J16: 128 | K16: 1038 | L16: 372 | M16: 431 | N16: 296 | O16: 156 | P16: 170 | Q16: 164 | R16: 159 | S16: 199 | T16: 80 | U16: 46
I17: Nº total de empregados | J17: =J14 -> 3131 | K17: =K14 -> 3154 | L17: =L14 -> 3198 | M17: =M14 -> 3236 | N17: =N14 -> 3254 | O17: =O14 -> 3254 | P17: =P14 -> 3222 | Q17: =Q14 -> 3243 | ... U17: =U14 -> 3211
I18: % | J18: =IFERROR(J16/J17,"-") -> 0.040881508 | K18: =IFERROR(K16/K17,"-") -> 0.3291059 | L18: =IFERROR(L16/L17,"-") -> 0.1163227 | M18: =IFERROR(M16/M17,"-") -> 0.13318912 | N18: =IFERROR(N16/N17,"-") -> 0.090964966 | O18: =IFERROR(O16/O17,"-") -> 0.047940996 | P18: =IFERROR(P16/P17,"-") -> 0.052762259 | Q18: =IFERROR(Q16/Q17,"-") -> 0.050570459 | ... U18: =IFERROR(U16/U17,"-") -> 0.014325755
B19: Assegurar a funcionalidade da infraestrutura para o desenvolvimento das ações | C19: Índice de Investimentos Realizados em Infraestrutura (IIRI) | D19: (Despesas de capital / Receitas Correntes) * 100 | E19: 0.1 | F19: 0.193 | G19: =IFERROR(SUM(J19:U19)/SUM(J20:U20),"-") -> 0.13413104 | I19: Despesas de Capital | J19: 2146756.5 | K19: 1693598.8 | L19: 1602949.1 | M19: 1538094.5 | N19: 1936741.5 | O19: 2869191.6 | P19: 5163519.3 | Q19: 18954834 | R19: 3829937.9 | S19: 3639498.3 | T19: 12612460 | U19: 24329701
I20: Receitas Correntes | J20: =IF(J10=0,"-",J10) -> 40350934 | K20: =IF(K10=0,"-",K10) -> 39544142 | L20: =IF(L10=0,"-",L10) -> 97314287 | M20: =IF(M10=0,"-",M10) -> 41642721 | N20: =IF(N10=0,"-",N10) -> 40533608 | O20: =IF(O10=0,"-",O10) -> 43694131 | P20: =IF(P10=0,"-",P10) -> 44315276 | Q20: =IF(Q10=0,"-",Q10) -> 47203252 | ... U20: =IF(U10=0,"-",U10) -> 66047926
I21: % | J21: =IFERROR(J19/J20,"-") -> 0.05320215 | K21: =IFERROR(K19/K20,"-") -> 0.042828059 | L21: =IFERROR(L19/L20,"-") -> 0.016471878 | M21: =IFERROR(M19/M20,"-") -> 0.036935494 | N21: =IFERROR(N19/N20,"-") -> 0.047781129 | O21: =IFERROR(O19/O20,"-") -> 0.065665377 | P21: =IFERROR(P19/P20,"-") -> 0.11651782 | Q21: =IFERROR(Q19/Q20,"-") -> 0.4015578 | ... U21: =IFERROR(U19/U20,"-") -> 0.36836434
C22: Índice de Recursos Financeiros Alocados em Manutenção (IRFM) | D22: (Despesas correntes de manutenção / Receitas Correntes) * 100 | E22: 0.05 | F22: 0.231 | G22: =IFERROR(SUM(J22:U22)/SUM(J23:U23),"-") -> 0.17492515 | I22: Despesas correntes de manutenção | J22: 6963640.2 | K22: 9353270.7 | L22: 9867454.8 | M22: 8966258.2 | N22: 8882774.4 | O22: 10062534 | P22: 8117662.8 | Q22: 8339552.9 | R22: 8815571.4 | S22: 8772949.4 | T22: 8139135.3 | U22: 8463875.3
I23: Receitas Correntes | J23: =IF(J10=0,"-",J10) -> 40350934 | K23: =IF(K10=0,"-",K10) -> 39544142 | L23: =IF(L10=0,"-",L10) -> 97314287 | M23: =IF(M10=0,"-",M10) -> 41642721 | N23: =IF(N10=0,"-",N10) -> 40533608 | O23: =IF(O10=0,"-",O10) -> 43694131 | P23: =IF(P10=0,"-",P10) -> 44315276 | Q23: =IF(Q10=0,"-",Q10) -> 47203252 | ... U23: =IF(U10=0,"-",U10) -> 66047926
I24: % | J24: =IFERROR(J22/J23,"-") -> 0.17257693 | K24: =IFERROR(K22/K23,"-") -> 0.23652734 | L24: =IFERROR(L22/L23,"-") -> 0.1013978 | M24: =IFERROR(M22/M23,"-") -> 0.21531394 | N24: =IFERROR(N22/N23,"-") -> 0.21914591 | O24: =IFERROR(O22/O23,"-") -> 0.23029486 | P24: =IFERROR(P22/P23,"-") -> 0.18317979 | Q24: =IFERROR(Q22/Q23,"-") -> 0.17667327 | ... U24: =IFERROR(U22/U23,"-") -> 0.12814748
B25: Aprimorar soluções de tecnologia da informação e comunicação (TIC) | C25: Índice de Recursos Financeiros Alocados em Tecnologia da Informação e Comunicação (IRFT) | D25: (Despesas com TIC / Receitas correntes) * 100 | E25: 0.02 | F25: 0.009 | G25: =IFERROR(SUM(J25:U25)/SUM(J26:U26),"-") -> 0.0093196077 | I25: Despesas com TIC | J25: 243173.56 | K25: 258098.26 | L25: 287497.15 | M25: 518456.56 | N25: 256310.04 | O25: 271918.49 | P25: 306104.04 | Q25: 282667.07 | R25: 1968605.1 | S25: 347598.52 | T25: 474052.44 | U25: 366073.08
I26: Receitas correntes | J26: =IF(J10=0,"-",J10) -> 40350934 | K26: =IF(K10=0,"-",K10) -> 39544142 | L26: =IF(L10=0,"-",L10) -> 97314287 | M26: =IF(M10=0,"-",M10) -> 41642721 | N26: =IF(N10=0,"-",N10) -> 40533608 | O26: =IF(O10=0,"-",O10) -> 43694131 | P26: =IF(P10=0,"-",P10) -> 44315276 | Q26: =IF(Q10=0,"-",Q10) -> 47203252 | R26: =IF(R10=0,"-",R10) -> 45282233 | S26: 46120820 | T26: =IF(T10=0,"-",T10) -> 46747801 | U26: =IF(U10=0,"-",U10) -> 66047926
I27: % | J27: =IFERROR(J25/J26,"-") -> 0.0060264667 | K27: =IFERROR(K25/K26,"-") -> 0.0065268394 | L27: =IFERROR(L25/L26,"-") -> 0.0029543159 | M27: =IFERROR(M25/M26,"-") -> 0.012450112 | N27: =IFERROR(N25/N26,"-") -> 0.0063233957 | O27: =IFERROR(O25/O26,"-") -> 0.0062232269 | P27: =IFERROR(P25/P26,"-") -> 0.0069074159 | Q27: =IFERROR(Q25/Q26,"-") -> 0.0059882965 | ... U27: =IFERROR(U25/U26,"-") -> 0.0055425371
B29: Garantir parâmetros de sustentabilidade na gestão dos processos | C29: Índice de Ecoeficiência (IECO) | D29: [(energia kWh / 100) + água m3] / área total ou construída m2 | E29: - | F29: - | G29: =IFERROR(IFERROR(((SUM(J29:U29)/100)+SUM(J30:U30))/INDEX(J31:U31,1,MATCH("-",J31:U31,0)-1),((SUM(J29:U29)/100)+SUM(J30:U30))/U31),"-") -> 1.530393 | I29: Energia kWh - Registradas em cada mês | J29: 17837 | K29: 20498 | L29: 20134 | M29: 21538 | N29: 20415 | O29: 10255 | P29: 15030 | Q29: 8096 | R29: 10261 | S29: 11816 | T29: 14007 | U29: 14164
I30: Água m3 - Registradas em cada mês | J30: 98.98 | K30: 72.52 | L30: 85.75 | M30: 96.04 | N30: 62.72 | O30: 41.65 | P30: 37 | Q30: 102 | R30: 120 | S30: 115.15 | T30: 129 | U30: 94
I31: Área total ou construída m2 | J31: 1891.88 | K31: 1891.88 | L31: 1891.88 | M31: 1891.88 | N31: 1891.88 | O31: 1891.88 | P31: 1891.88 | Q31: 1891.88 | R31: 1891.88 | S31: 1891.88 | T31: 1891.88 | U31: 1891.88
I32: Índice | J32: =IFERROR(((J29/100)+J30)/J31,"-") -> 0.14660021 | K32: =IFERROR(((K29/100)+K30)/K31,"-") -> 0.14667949 | L32: =IFERROR(((L29/100)+L30)/L31,"-") -> 0.15174853 | M32: =IFERROR(((M29/100)+M30)/M31,"-") -> 0.16460875 | N32: =IFERROR(((N29/100)+N30)/N31,"-") -> 0.14106074 | O32: =IFERROR(((O29/100)+O30)/O31,"-") -> 0.076220479 | P32: =IFERROR(((P29/100)+P30)/P31,"-") -> 0.099002051 | Q32: =IFERROR(((Q29/100)+Q30)/Q31,"-") -> 0.096708036 | ... U32: =IFERROR(((U29/100)+U30)/U31,"-") -> 0.12455335
B33: Articular e fortalecer projetos em rede | C33: Índice de Ações em Rede Implementadas (IARI) | D33: (Ações em rede realizadas / Ações em redes planejadas) * 100 | E33: - | F33: - | G33: =IFERROR(SUM(J33:U33)/SUM(J34:U34),"-") -> 1 | I33: Ações em rede realizadas | J33: 9 | K33: 7 | L33: 3 | M33: 5 | N33: 3 | O33: 0 | P33: 0 | Q33: 3 | R33: 3 | S33: 2 | T33: 0 | U33: 0
I34: Ações em redes planejadas | J34: 9 | K34: 7 | L34: 3 | M34: 5 | N34: 3 | O34: 0 | P34: 0 | Q34: 3 | R34: 3 | S34: 2 | T34: 0 | U34: 0
I35: % | J35: =IFERROR(J33/J34,"-") -> 1 | K35: =IFERROR(K33/K34,"-") -> 1 | L35: =IFERROR(L33/L34,"-") -> 1 | M35: =IFERROR(M33/M34,"-") -> 1 | N35: =IFERROR(N33/N34,"-") -> 1 | O35: =IFERROR(O33/O34,"-") -> - | P35: =IFERROR(P33/P34,"-") -> - | Q35: =IFERROR(Q33/Q34,"-") -> 1 | ... U35: =IFERROR(U33/U34,"-") -> -
B36: Fortalecer o reconhecimento do Sesc | C36: Índice de Reconhecimento do Sesc pelos Clientes e Sociedade como Instituição Social de relevância (IRS) | D36: (Total de respostas bom e ótimo / Total de respostas) * 100 | E36: % | G36: Bianual | H36: - | I36: Total de respostas bom e ótimo | J36: - | K36: - | L36: - | M36: - | N36: - | O36: - | P36: - | Q36: - | R36: - | S36: - | T36: - | U36: -
I37: Total de respostas | J37: - | K37: - | L37: - | M37: - | N37: - | O37: - | P37: - | Q37: - | R37: - | S37: - | T37: - | U37: -
I38: % | J38: - | K38: - | L38: - | M38: - | N38: - | O38: - | P38: - | Q38: - | R38: - | S38: - | T38: - | U38: -

Sheet Base - 22
A1: CHAVE | B1: COD_DP | C1: COD_VAR | D1: ANO | E1: Mês | F1: RESULTADO | J1: Selecione o Departamento Regional
A2: =B2&"-"&C2&"-"&D2&"-"&E2 -> 17-1-2022-1 | B2: =IFERROR(VLOOKUP($J$2,Aux!A:B,2,FALSE),"-") -> 17 | C2: 1 | D2: 2022 | E2: 1 | F2: ='Instrumento de Coleta - 22'!$J$9 -> 16422174 | J2: SC
A3: =B3&"-"&C3&"-"&D3&"-"&E3 -> 17-1-2022-2 | B3: =IFERROR(VLOOKUP($J$2,Aux!A:B,2,FALSE),"-") -> 17 | C3: 1 | D3: 2022 | E3: 2 | F3: ='Instrumento de Coleta - 22'!$K$9 -> 20809735
A4: =B4&"-"&C4&"-"&D4&"-"&E4 -> 17-1-2022-3 | B4: =IFERROR(VLOOKUP($J$2,Aux!A:B,2,FALSE),"-") -> 17 | C4: 1 | D4: 2022 | E4: 3 | F4: ='Instrumento de Coleta - 22'!$L$9 -> 19664872
A5: =B5&"-"&C5&"-"&D5&"-"&E5 -> 17-1-2022-4 | B5: =IFERROR(VLOOKUP($J$2,Aux!A:B,2,FALSE),"-") -> 17 | C5: 1 | D5: 2022 | E5: 4 | F5: ='Instrumento de Coleta - 22'!$M$9 -> 20553850
A6: =B6&"-"&C6&"-"&D6&"-"&E6 -> 17-1-2022-5 | B6: =IFERROR(VLOOKUP($J$2,Aux!A:B,2,FALSE),"-") -> 17 | C6: 1 | D6: 2022 | E6: 5 | F6: ='Instrumento de Coleta - 22'!$N$9 -> 22717857
A7: =B7&"-"&C7&"-"&D7&"-"&E7 -> 17-1-2022-6 | B7: =IFERROR(VLOOKUP($J$2,Aux!A:B,2,FALSE),"-") -> 17 | C7: 1 | D7: 2022 | E7: 6 | F7: ='Instrumento de Coleta - 22'!$O$9 -> 20296979
A8: =B8&"-"&C8&"-"&D8&"-"&E8 -> 17-1-2022-7 | B8: =IFERROR(VLOOKUP($J$2,Aux!A:B,2,FALSE),"-") -> 17 | C8: 1 | D8: 2022 | E8: 7 | F8: ='Instrumento de Coleta - 22'!$P$9 -> 23819381
A9: =B9&"-"&C9&"-"&D9&"-"&E9 -> 17-1-2022-8 | B9: =IFERROR(VLOOKUP($J$2,Aux!A:B,2,FALSE),"-") -> 17 | C9: 1 | D9: 2022 | E9: 8 | F9: ='Instrumento de Coleta - 22'!$Q$9 -> 23410089
A10: =B10&"-"&C10&"-"&D10&"-"&E10 -> 17-1-2022-9 | B10: =IFERROR(VLOOKUP($J$2,Aux!A:B,2,FALSE),"-") -> 17 | C10: 1 | D10: 2022 | E10: 9 | F10: ='Instrumento de Coleta - 22'!$R$9 -> 25763114
A11: =B11&"-"&C11&"-"&D11&"-"&E11 -> 17-1-2022-10 | B11: =IFERROR(VLOOKUP($J$2,Aux!A:B,2,FALSE),"-") -> 17 | C11: 1 | D11: 2022 | E11: 10 | F11: ='Instrumento de Coleta - 22'!$S$9 -> 23377064
A12: =B12&"-"&C12&"-"&D12&"-"&E12 -> 17-1-2022-11 | B12: =IFERROR(VLOOKUP($J$2,Aux!A:B,2,FALSE),"-") -> 17 | C12: 1 | D12: 2022 | E12: 11 | F12: ='Instrumento de Coleta - 22'!$T$9 -> 24548218
A13: =B13&"-"&C13&"-"&D13&"-"&E13 -> 17-1-2022-12 | B13: =IFERROR(VLOOKUP($J$2,Aux!A:B,2,FALSE),"-") -> 17 | C13: 1 | D13: 2022 | E13: 12 | F13: ='Instrumento de Coleta - 22'!$U$9 -> 24625355
A14: =B14&"-"&C14&"-"&D14&"-"&E14 -> 17-2-2022-1 | B14: =IFERROR(VLOOKUP($J$2,Aux!A:B,2,FALSE),"-") -> 17 | C14: 2 | D14: 2022 | E14: 1 | F14: ='Instrumento de Coleta - 22'!$J$10 -> 27501107
A15: =B15&"-"&C15&"-"&D15&"-"&E15 -> 17-2-2022-2 | B15: =IFERROR(VLOOKUP($J$2,Aux!A:B,2,FALSE),"-") -> 17 | C15: 2 | D15: 2022 | E15: 2 | F15: ='Instrumento de Coleta - 22'!$K$10 -> 27763166
A16: =B16&"-"&C16&"-"&D16&"-"&E16 -> 17-2-2022-3 | B16: =IFERROR(VLOOKUP($J$2,Aux!A:B,2,FALSE),"-") -> 17 | C16: 2 | D16: 2022 | E16: 3 | F16: ='Instrumento de Coleta - 22'!$L$10 -> 29508181
A17: =B17&"-"&C17&"-"&D17&"-"&E17 -> 17-2-2022-4 | B17: =IFERROR(VLOOKUP($J$2,Aux!A:B,2,FALSE),"-") -> 17 | C17: 2 | D17: 2022 | E17: 4 | F17: ='Instrumento de Coleta - 22'!$M$10 -> 30275455
A18: =B18&"-"&C18&"-"&D18&"-"&E18 -> 17-2-2022-5 | B18: =IFERROR(VLOOKUP($J$2,Aux!A:B,2,FALSE),"-") -> 17 | C18: 2 | D18: 2022 | E18: 5 | F18: ='Instrumento de Coleta - 22'!$N$10 -> 95227725
A19: =B19&"-"&C19&"-"&D19&"-"&E19 -> 17-2-2022-6 | B19: =IFERROR(VLOOKUP($J$2,Aux!A:B,2,FALSE),"-") -> 17 | C19: 2 | D19: 2022 | E19: 6 | F19: ='Instrumento de Coleta - 22'!$O$10 -> 29917736
A20: =B20&"-"&C20&"-"&D20&"-"&E20 -> 17-2-2022-7 | B20: =IFERROR(VLOOKUP($J$2,Aux!A:B,2,FALSE),"-") -> 17 | C20: 2 | D20: 2022 | E20: 7 | F20: ='Instrumento de Coleta - 22'!$P$10 -> 30508123
A21: =B21&"-"&C21&"-"&D21&"-"&E21 -> 17-2-2022-8 | B21: =IFERROR(VLOOKUP($J$2,Aux!A:B,2,FALSE),"-") -> 17 | C21: 2 | D21: 2022 | E21: 8 | F21: ='Instrumento de Coleta - 22'!$Q$10 -> 32858575
A22: =B22&"-"&C22&"-"&D22&"-"&E22 -> 17-2-2022-9 | B22: =IFERROR(VLOOKUP($J$2,Aux!A:B,2,FALSE),"-") -> 17 | C22: 2 | D22: 2022 | E22: 9 | F22: ='Instrumento de Coleta - 22'!$R$10 -> 33902703
A23: =B23&"-"&C23&"-"&D23&"-"&E23 -> 17-2-2022-10 | B23: =IFERROR(VLOOKUP($J$2,Aux!A:B,2,FALSE),"-") -> 17 | C23: 2 | D23: 2022 | E23: 10 | F23: ='Instrumento de Coleta - 22'!$S$10 -> 32802154
A24: =B24&"-"&C24&"-"&D24&"-"&E24 -> 17-2-2022-11 | B24: =IFERROR(VLOOKUP($J$2,Aux!A:B,2,FALSE),"-") -> 17 | C24: 2 | D24: 2022 | E24: 11 | F24: ='Instrumento de Coleta - 22'!$T$10 -> 31431308
A25: =B25&"-"&C25&"-"&D25&"-"&E25 -> 17-2-2022-12 | B25: =IFERROR(VLOOKUP($J$2,Aux!A:B,2,FALSE),"-") -> 17 | C25: 2 | D25: 2022 | E25: 12 | F25: ='Instrumento de Coleta - 22'!$U$10 -> 46020082
A26: =B26&"-"&C26&"-"&D26&"-"&E26 -> 17-3-2022-1 | B26: =IFERROR(VLOOKUP($J$2,Aux!A:B,2,FALSE),"-") -> 17 | C26: 3 | D26: 2022 | E26: 1 | F26: ='Instrumento de Coleta - 22'!$J$13 -> 32
A27: =B27&"-"&C27&"-"&D27&"-"&E27 -> 17-3-2022-2 | B27: =IFERROR(VLOOKUP($J$2,Aux!A:B,2,FALSE),"-") -> 17 | C27: 3 | D27: 2022 | E27: 2 | F27: ='Instrumento de Coleta - 22'!$K$13 -> 81
A28: =B28&"-"&C28&"-"&D28&"-"&E28 -> 17-3-2022-3 | B28: =IFERROR(VLOOKUP($J$2,Aux!A:B,2,FALSE),"-") -> 17 | C28: 3 | D28: 2022 | E28: 3 | F28: ='Instrumento de Coleta - 22'!$L$13 -> 62
A29: =B29&"-"&C29&"-"&D29&"-"&E29 -> 17-3-2022-4 | B29: =IFERROR(VLOOKUP($J$2,Aux!A:B,2,FALSE),"-") -> 17 | C29: 3 | D29: 2022 | E29: 4 | F29: ='Instrumento de Coleta - 22'!$M$13 -> 45
A30: =B30&"-"&C30&"-"&D30&"-"&E30 -> 17-3-2022-5 | B30: =IFERROR(VLOOKUP($J$2,Aux!A:B,2,FALSE),"-") -> 17 | C30: 3 | D30: 2022 | E30: 5 | F30: ='Instrumento de Coleta - 22'!$N$13 -> 45
A31: =B31&"-"&C31&"-"&D31&"-"&E31 -> 17-3-2022-6 | B31: =IFERROR(VLOOKUP($J$2,Aux!A:B,2,FALSE),"-") -> 17 | C31: 3 | D31: 2022 | E31: 6 | F31: ='Instrumento de Coleta - 22'!$O$13 -> 39
A32: =B32&"-"&C32&"-"&D32&"-"&E32 -> 17-3-2022-7 | B32: =IFERROR(VLOOKUP($J$2,Aux!A:B,2,FALSE),"-") -> 17 | C32: 3 | D32: 2022 | E32: 7 | F32: ='Instrumento de Coleta - 22'!$P$13 -> 53
A33: =B33&"-"&C33&"-"&D33&"-"&E33 -> 17-3-2022-8 | B33: =IFERROR(VLOOKUP($J$2,Aux!A:B,2,FALSE),"-") -> 17 | C33: 3 | D33: 2022 | E33: 8 | F33: ='Instrumento de Coleta - 22'!$Q$13 -> 41
A34: =B34&"-"&C34&"-"&D34&"-"&E34 -> 17-3-2022-9 | B34: =IFERROR(VLOOKUP($J$2,Aux!A:B,2,FALSE),"-") -> 17 | C34: 3 | D34: 2022 | E34: 9 | F34: ='Instrumento de Coleta - 22'!$R$13 -> 36
A35: =B35&"-"&C35&"-"&D35&"-"&E35 -> 17-3-2022-10 | B35: =IFERROR(VLOOKUP($J$2,Aux!A:B,2,FALSE),"-") -> 17 | C35: 3 | D35: 2022 | E35: 10 | F35: ='Instrumento de Coleta - 22'!$S$13 -> 28
A36: =B36&"-"&C36&"-"&D36&"-"&E36 -> 17-3-2022-11 | B36: =IFERROR(VLOOKUP($J$2,Aux!A:B,2,FALSE),"-") -> 17 | C36: 3 | D36: 2022 | E36: 11 | F36: ='Instrumento de Coleta - 22'!$T$13 -> 29
A37: =B37&"-"&C37&"-"&D37&"-"&E37 -> 17-3-2022-12 | B37: =IFERROR(VLOOKUP($J$2,Aux!A:B,2,FALSE),"-") -> 17 | C37: 3 | D37: 2022 | E37: 12 | F37: ='Instrumento de Coleta - 22'!$U$13 -> 36
A38: =B38&"-"&C38&"-"&D38&"-"&E38 -> 17-4-2022-1 | B38: =IFERROR(VLOOKUP($J$2,Aux!A:B,2,FALSE),"-") -> 17 | C38: 4 | D38: 2022 | E38: 1 | F38: ='Instrumento de Coleta - 22'!$J$14 -> 2471
A39: =B39&"-"&C39&"-"&D39&"-"&E39 -> 17-4-2022-2 | B39: =IFERROR(VLOOKUP($J$2,Aux!A:B,2,FALSE),"-") -> 17 | C39: 4 | D39: 2022 | E39: 2 | F39: ='Instrumento de Coleta - 22'!$K$14 -> 2600
A40: =B40&"-"&C40&"-"&D40&"-"&E40 -> 17-4-2022-3 | B40: =IFERROR(VLOOKUP($J$2,Aux!A:B,2,FALSE),"-") -> 17 | C40: 4 | D40: 2022 | E40: 3 | F40: ='Instrumento de Coleta - 22'!$L$14 -> 2648
A41: =B41&"-"&C41&"-"&D41&"-"&E41 -> 17-4-2022-4 | B41: =IFERROR(VLOOKUP($J$2,Aux!A:B,2,FALSE),"-") -> 17 | C41: 4 | D41: 2022 | E41: 4 | F41: ='Instrumento de Coleta - 22'!$M$14 -> 2682
A42: =B42&"-"&C42&"-"&D42&"-"&E42 -> 17-4-2022-5 | B42: =IFERROR(VLOOKUP($J$2,Aux!A:B,2,FALSE),"-") -> 17 | C42: 4 | D42: 2022 | E42: 5 | F42: ='Instrumento de Coleta - 22'!$N$14 -> 2663
A43: =B43&"-"&C43&"-"&D43&"-"&E43 -> 17-4-2022-6 | B43: =IFERROR(VLOOKUP($J$2,Aux!A:B,2,FALSE),"-") -> 17 | C43: 4 | D43: 2022 | E43: 6 | F43: ='Instrumento de Coleta - 22'!$O$14 -> 2681
A44: =B44&"-"&C44&"-"&D44&"-"&E44 -> 17-4-2022-7 | B44: =IFERROR(VLOOKUP($J$2,Aux!A:B,2,FALSE),"-") -> 17 | C44: 4 | D44: 2022 | E44: 7 | F44: ='Instrumento de Coleta - 22'!$P$14 -> 2702
A45: =B45&"-"&C45&"-"&D45&"-"&E45 -> 17-4-2022-8 | B45: =IFERROR(VLOOKUP($J$2,Aux!A:B,2,FALSE),"-") -> 17 | C45: 4 | D45: 2022 | E45: 8 | F45: ='Instrumento de Coleta - 22'!$Q$14 -> 2759
A46: =B46&"-"&C46&"-"&D46&"-"&E46 -> 17-4-2022-9 | B46: =IFERROR(VLOOKUP($J$2,Aux!A:B,2,FALSE),"-") -> 17 | C46: 4 | D46: 2022 | E46: 9 | F46: ='Instrumento de Coleta - 22'!$R$14 -> 2775
A47: =B47&"-"&C47&"-"&D47&"-"&E47 -> 17-4-2022-10 | B47: =IFERROR(VLOOKUP($J$2,Aux!A:B,2,FALSE),"-") -> 17 | C47: 4 | D47: 2022 | E47: 10 | F47: ='Instrumento de Coleta - 22'!$S$14 -> 2803
A48: =B48&"-"&C48&"-"&D48&"-"&E48 -> 17-4-2022-11 | B48: =IFERROR(VLOOKUP($J$2,Aux!A:B,2,FALSE),"-") -> 17 | C48: 4 | D48: 2022 | E48: 11 | F48: ='Instrumento de Coleta - 22'!$T$14 -> 2813
A49: =B49&"-"&C49&"-"&D49&"-"&E49 -> 17-4-2022-12 | B49: =IFERROR(VLOOKUP($J$2,Aux!A:B,2,FALSE),"-") -> 17 | C49: 4 | D49: 2022 | E49: 12 | F49: ='Instrumento de Coleta - 22'!$U$14 -> 2848
A50: =B50&"-"&C50&"-"&D50&"-"&E50 -> 17-5-2022-1 | B50: =IFERROR(VLOOKUP($J$2,Aux!A:B,2,FALSE),"-") -> 17 | C50: 5 | D50: 2022 | E50: 1 | F50: ='Instrumento de Coleta - 22'!$J$16 -> 33
A51: =B51&"-"&C51&"-"&D51&"-"&E51 -> 17-5-2022-2 | B51: =IFERROR(VLOOKUP($J$2,Aux!A:B,2,FALSE),"-") -> 17 | C51: 5 | D51: 2022 | E51: 2 | F51: ='Instrumento de Coleta - 22'!$K$16 -> 672
A52: =B52&"-"&C52&"-"&D52&"-"&E52 -> 17-5-2022-3 | B52: =IFERROR(VLOOKUP($J$2,Aux!A:B,2,FALSE),"-") -> 17 | C52: 5 | D52: 2022 | E52: 3 | F52: ='Instrumento de Coleta - 22'!$L$16 -> 129
A53: =B53&"-"&C53&"-"&D53&"-"&E53 -> 17-5-2022-4 | B53: =IFERROR(VLOOKUP($J$2,Aux!A:B,2,FALSE),"-") -> 17 | C53: 5 | D53: 2022 | E53: 4 | F53: ='Instrumento de Coleta - 22'!$M$16 -> 637
A54: =B54&"-"&C54&"-"&D54&"-"&E54 -> 17-5-2022-5 | B54: =IFERROR(VLOOKUP($J$2,Aux!A:B,2,FALSE),"-") -> 17 | C54: 5 | D54: 2022 | E54: 5 | F54: ='Instrumento de Coleta - 22'!$N$16 -> 448
A55: =B55&"-"&C55&"-"&D55&"-"&E55 -> 17-5-2022-6 | B55: =IFERROR(VLOOKUP($J$2,Aux!A:B,2,FALSE),"-") -> 17 | C55: 5 | D55: 2022 | E55: 6 | F55: ='Instrumento de Coleta - 22'!$O$16 -> 135
A56: =B56&"-"&C56&"-"&D56&"-"&E56 -> 17-5-2022-7 | B56: =IFERROR(VLOOKUP($J$2,Aux!A:B,2,FALSE),"-") -> 17 | C56: 5 | D56: 2022 | E56: 7 | F56: ='Instrumento de Coleta - 22'!$P$16 -> 181
A57: =B57&"-"&C57&"-"&D57&"-"&E57 -> 17-5-2022-8 | B57: =IFERROR(VLOOKUP($J$2,Aux!A:B,2,FALSE),"-") -> 17 | C57: 5 | D57: 2022 | E57: 8 | F57: ='Instrumento de Coleta - 22'!$Q$16 -> 109
A58: =B58&"-"&C58&"-"&D58&"-"&E58 -> 17-5-2022-9 | B58: =IFERROR(VLOOKUP($J$2,Aux!A:B,2,FALSE),"-") -> 17 | C58: 5 | D58: 2022 | E58: 9 | F58: ='Instrumento de Coleta - 22'!$R$16 -> 115
A59: =B59&"-"&C59&"-"&D59&"-"&E59 -> 17-5-2022-10 | B59: =IFERROR(VLOOKUP($J$2,Aux!A:B,2,FALSE),"-") -> 17 | C59: 5 | D59: 2022 | E59: 10 | F59: ='Instrumento de Coleta - 22'!$S$16 -> 118
A60: =B60&"-"&C60&"-"&D60&"-"&E60 -> 17-5-2022-11 | B60: =IFERROR(VLOOKUP($J$2,Aux!A:B,2,FALSE),"-") -> 17 | C60: 5 | D60: 2022 | E60: 11 | F60: ='Instrumento de Coleta - 22'!$T$16 -> 74
A61: =B61&"-"&C61&"-"&D61&"-"&E61 -> 17-5-2022-12 | B61: =IFERROR(VLOOKUP($J$2,Aux!A:B,2,FALSE),"-") -> 17 | C61: 5 | D61: 2022 | E61: 12 | F61: ='Instrumento de Coleta - 22'!$U$16 -> 73
A62: =B62&"-"&C62&"-"&D62&"-"&E62 -> 17-6-2022-1 | B62: =IFERROR(VLOOKUP($J$2,Aux!A:B,2,FALSE),"-") -> 17 | C62: 6 | D62: 2022 | E62: 1 | F62: ='Instrumento de Coleta - 22'!$J$19 -> 1637844.6
A63: =B63&"-"&C63&"-"&D63&"-"&E63 -> 17-6-2022-2 | B63: =IFERROR(VLOOKUP($J$2,Aux!A:B,2,FALSE),"-") -> 17 | C63: 6 | D63: 2022 | E63: 2 | F63: ='Instrumento de Coleta - 22'!$K$19 -> 1050143.4
A64: =B64&"-"&C64&"-"&D64&"-"&E64 -> 17-6-2022-3 | B64: =IFERROR(VLOOKUP($J$2,Aux!A:B,2,FALSE),"-") -> 17 | C64: 6 | D64: 2022 | E64: 3 | F64: ='Instrumento de Coleta - 22'!$L$19 -> 2925301.1
A65: =B65&"-"&C65&"-"&D65&"-"&E65 -> 17-6-2022-4 | B65: =IFERROR(VLOOKUP($J$2,Aux!A:B,2,FALSE),"-") -> 17 | C65: 6 | D65: 2022 | E65: 4 | F65: ='Instrumento de Coleta - 22'!$M$19 -> 1483830.2
A66: =B66&"-"&C66&"-"&D66&"-"&E66 -> 17-6-2022-5 | B66: =IFERROR(VLOOKUP($J$2,Aux!A:B,2,FALSE),"-") -> 17 | C66: 6 | D66: 2022 | E66: 5 | F66: ='Instrumento de Coleta - 22'!$N$19 -> 1254397.5
A67: =B67&"-"&C67&"-"&D67&"-"&E67 -> 17-6-2022-6 | B67: =IFERROR(VLOOKUP($J$2,Aux!A:B,2,FALSE),"-") -> 17 | C67: 6 | D67: 2022 | E67: 6 | F67: ='Instrumento de Coleta - 22'!$O$19 -> 2226344.5
A68: =B68&"-"&C68&"-"&D68&"-"&E68 -> 17-6-2022-7 | B68: =IFERROR(VLOOKUP($J$2,Aux!A:B,2,FALSE),"-") -> 17 | C68: 6 | D68: 2022 | E68: 7 | F68: ='Instrumento de Coleta - 22'!$P$19 -> 1811364.4
A69: =B69&"-"&C69&"-"&D69&"-"&E69 -> 17-6-2022-8 | B69: =IFERROR(VLOOKUP($J$2,Aux!A:B,2,FALSE),"-") -> 17 | C69: 6 | D69: 2022 | E69: 8 | F69: ='Instrumento de Coleta - 22'!$Q$19 -> 1229061
A70: =B70&"-"&C70&"-"&D70&"-"&E70 -> 17-6-2022-9 | B70: =IFERROR(VLOOKUP($J$2,Aux!A:B,2,FALSE),"-") -> 17 | C70: 6 | D70: 2022 | E70: 9 | F70: ='Instrumento de Coleta - 22'!$R$19 -> 1174569.6
A71: =B71&"-"&C71&"-"&D71&"-"&E71 -> 17-6-2022-10 | B71: =IFERROR(VLOOKUP($J$2,Aux!A:B,2,FALSE),"-") -> 17 | C71: 6 | D71: 2022 | E71: 10 | F71: ='Instrumento de Coleta - 22'!$S$19 -> 3187578.3
A72: =B72&"-"&C72&"-"&D72&"-"&E72 -> 17-6-2022-11 | B72: =IFERROR(VLOOKUP($J$2,Aux!A:B,2,FALSE),"-") -> 17 | C72: 6 | D72: 2022 | E72: 11 | F72: ='Instrumento de Coleta - 22'!$T$19 -> 2744100.1
A73: =B73&"-"&C73&"-"&D73&"-"&E73 -> 17-6-2022-12 | B73: =IFERROR(VLOOKUP($J$2,Aux!A:B,2,FALSE),"-") -> 17 | C73: 6 | D73: 2022 | E73: 12 | F73: ='Instrumento de Coleta - 22'!$U$19 -> 4253817
A74: =B74&"-"&C74&"-"&D74&"-"&E74 -> 17-7-2022-1 | B74: =IFERROR(VLOOKUP($J$2,Aux!A:B,2,FALSE),"-") -> 17 | C74: 7 | D74: 2022 | E74: 1 | F74: ='Instrumento de Coleta - 22'!$J$22 -> 4684629.7
A75: =B75&"-"&C75&"-"&D75&"-"&E75 -> 17-7-2022-2 | B75: =IFERROR(VLOOKUP($J$2,Aux!A:B,2,FALSE),"-") -> 17 | C75: 7 | D75: 2022 | E75: 2 | F75: ='Instrumento de Coleta - 22'!$K$22 -> 4827560.3
A76: =B76&"-"&C76&"-"&D76&"-"&E76 -> 17-7-2022-3 | B76: =IFERROR(VLOOKUP($J$2,Aux!A:B,2,FALSE),"-") -> 17 | C76: 7 | D76: 2022 | E76: 3 | F76: ='Instrumento de Coleta - 22'!$L$22 -> 4462075.4
A77: =B77&"-"&C77&"-"&D77&"-"&E77 -> 17-7-2022-4 | B77: =IFERROR(VLOOKUP($J$2,Aux!A:B,2,FALSE),"-") -> 17 | C77: 7 | D77: 2022 | E77: 4 | F77: ='Instrumento de Coleta - 22'!$M$22 -> 4675432.1
A78: =B78&"-"&C78&"-"&D78&"-"&E78 -> 17-7-2022-5 | B78: =IFERROR(VLOOKUP($J$2,Aux!A:B,2,FALSE),"-") -> 17 | C78: 7 | D78: 2022 | E78: 5 | F78: ='Instrumento de Coleta - 22'!$N$22 -> 8516162.2
A79: =B79&"-"&C79&"-"&D79&"-"&E79 -> 17-7-2022-6 | B79: =IFERROR(VLOOKUP($J$2,Aux!A:B,2,FALSE),"-") -> 17 | C79: 7 | D79: 2022 | E79: 6 | F79: ='Instrumento de Coleta - 22'!$O$22 -> 4475055.5
A80: =B80&"-"&C80&"-"&D80&"-"&E80 -> 17-7-2022-7 | B80: =IFERROR(VLOOKUP($J$2,Aux!A:B,2,FALSE),"-") -> 17 | C80: 7 | D80: 2022 | E80: 7 | F80: ='Instrumento de Coleta - 22'!$P$22 -> 4586929.5
A81: =B81&"-"&C81&"-"&D81&"-"&E81 -> 17-7-2022-8 | B81: =IFERROR(VLOOKUP($J$2,Aux!A:B,2,FALSE),"-") -> 17 | C81: 7 | D81: 2022 | E81: 8 | F81: ='Instrumento de Coleta - 22'!$Q$22 -> 5178295.2
A82: =B82&"-"&C82&"-"&D82&"-"&E82 -> 17-7-2022-9 | B82: =IFERROR(VLOOKUP($J$2,Aux!A:B,2,FALSE),"-") -> 17 | C82: 7 | D82: 2022 | E82: 9 | F82: ='Instrumento de Coleta - 22'!$R$22 -> 4830044
A83: =B83&"-"&C83&"-"&D83&"-"&E83 -> 17-7-2022-10 | B83: =IFERROR(VLOOKUP($J$2,Aux!A:B,2,FALSE),"-") -> 17 | C83: 7 | D83: 2022 | E83: 10 | F83: ='Instrumento de Coleta - 22'!$S$22 -> 5177571.7
A84: =B84&"-"&C84&"-"&D84&"-"&E84 -> 17-7-2022-11 | B84: =IFERROR(VLOOKUP($J$2,Aux!A:B,2,FALSE),"-") -> 17 | C84: 7 | D84: 2022 | E84: 11 | F84: ='Instrumento de Coleta - 22'!$T$22 -> 5711215.5
A85: =B85&"-"&C85&"-"&D85&"-"&E85 -> 17-7-2022-12 | B85: =IFERROR(VLOOKUP($J$2,Aux!A:B,2,FALSE),"-") -> 17 | C85: 7 | D85: 2022 | E85: 12 | F85: ='Instrumento de Coleta - 22'!$U$22 -> 6065752.6
A86: =B86&"-"&C86&"-"&D86&"-"&E86 -> 17-8-2022-1 | B86: =IFERROR(VLOOKUP($J$2,Aux!A:B,2,FALSE),"-") -> 17 | C86: 8 | D86: 2022 | E86: 1 | F86: ='Instrumento de Coleta - 22'!$J$25 -> 179893.69
A87: =B87&"-"&C87&"-"&D87&"-"&E87 -> 17-8-2022-2 | B87: =IFERROR(VLOOKUP($J$2,Aux!A:B,2,FALSE),"-") -> 17 | C87: 8 | D87: 2022 | E87: 2 | F87: ='Instrumento de Coleta - 22'!$K$25 -> 200074.31
A88: =B88&"-"&C88&"-"&D88&"-"&E88 -> 17-8-2022-3 | B88: =IFERROR(VLOOKUP($J$2,Aux!A:B,2,FALSE),"-") -> 17 | C88: 8 | D88: 2022 | E88: 3 | F88: ='Instrumento de Coleta - 22'!$L$25 -> 410342.02
A89: =B89&"-"&C89&"-"&D89&"-"&E89 -> 17-8-2022-4 | B89: =IFERROR(VLOOKUP($J$2,Aux!A:B,2,FALSE),"-") -> 17 | C89: 8 | D89: 2022 | E89: 4 | F89: ='Instrumento de Coleta - 22'!$M$25 -> 155290.32
A90: =B90&"-"&C90&"-"&D90&"-"&E90 -> 17-8-2022-5 | B90: =IFERROR(VLOOKUP($J$2,Aux!A:B,2,FALSE),"-") -> 17 | C90: 8 | D90: 2022 | E90: 5 | F90: ='Instrumento de Coleta - 22'!$N$25 -> 131483.31
A91: =B91&"-"&C91&"-"&D91&"-"&E91 -> 17-8-2022-6 | B91: =IFERROR(VLOOKUP($J$2,Aux!A:B,2,FALSE),"-") -> 17 | C91: 8 | D91: 2022 | E91: 6 | F91: ='Instrumento de Coleta - 22'!$O$25 -> 180741.95
A92: =B92&"-"&C92&"-"&D92&"-"&E92 -> 17-8-2022-7 | B92: =IFERROR(VLOOKUP($J$2,Aux!A:B,2,FALSE),"-") -> 17 | C92: 8 | D92: 2022 | E92: 7 | F92: ='Instrumento de Coleta - 22'!$P$25 -> 504529
A93: =B93&"-"&C93&"-"&D93&"-"&E93 -> 17-8-2022-8 | B93: =IFERROR(VLOOKUP($J$2,Aux!A:B,2,FALSE),"-") -> 17 | C93: 8 | D93: 2022 | E93: 8 | F93: ='Instrumento de Coleta - 22'!$Q$25 -> 254540.04
A94: =B94&"-"&C94&"-"&D94&"-"&E94 -> 17-8-2022-9 | B94: =IFERROR(VLOOKUP($J$2,Aux!A:B,2,FALSE),"-") -> 17 | C94: 8 | D94: 2022 | E94: 9 | F94: ='Instrumento de Coleta - 22'!$R$25 -> 2267639.6
A95: =B95&"-"&C95&"-"&D95&"-"&E95 -> 17-8-2022-10 | B95: =IFERROR(VLOOKUP($J$2,Aux!A:B,2,FALSE),"-") -> 17 | C95: 8 | D95: 2022 | E95: 10 | F95: ='Instrumento de Coleta - 22'!$S$25 -> 30170.74
A96: =B96&"-"&C96&"-"&D96&"-"&E96 -> 17-8-2022-11 | B96: =IFERROR(VLOOKUP($J$2,Aux!A:B,2,FALSE),"-") -> 17 | C96: 8 | D96: 2022 | E96: 11 | F96: ='Instrumento de Coleta - 22'!$T$25 -> 280858.85
A97: =B97&"-"&C97&"-"&D97&"-"&E97 -> 17-8-2022-12 | B97: =IFERROR(VLOOKUP($J$2,Aux!A:B,2,FALSE),"-") -> 17 | C97: 8 | D97: 2022 | E97: 12 | F97: ='Instrumento de Coleta - 22'!$U$25 -> 254674.07
A98: =B98&"-"&C98&"-"&D98&"-"&E98 -> 17-9-2022-1 | B98: =IFERROR(VLOOKUP($J$2,Aux!A:B,2,FALSE),"-") -> 17 | C98: 9 | D98: 2022 | E98: 1 | F98: ='Instrumento de Coleta - 22'!$J$33 -> 3
A99: =B99&"-"&C99&"-"&D99&"-"&E99 -> 17-9-2022-2 | B99: =IFERROR(VLOOKUP($J$2,Aux!A:B,2,FALSE),"-") -> 17 | C99: 9 | D99: 2022 | E99: 2 | F99: ='Instrumento de Coleta - 22'!$K$33 -> 3
A100: =B100&"-"&C100&"-"&D100&"-"&E100 -> 17-9-2022-3 | B100: =IFERROR(VLOOKUP($J$2,Aux!A:B,2,FALSE),"-") -> 17 | C100: 9 | D100: 2022 | E100: 3 | F100: ='Instrumento de Coleta - 22'!$L$33 -> 4
...

Sheet Base - 23
A1: CHAVE | B1: COD_DP | C1: COD_VAR | D1: ANO | E1: Mês | F1: RESULTADO | J1: Selecione o Departamento Regional
A2: =B2&"-"&C2&"-"&D2&"-"&E2 -> 17-1-2023-1 | B2: =IFERROR(VLOOKUP($J$2,Aux!A:B,2,FALSE),"-") -> 17 | C2: 1 | D2: 2023 | E2: 1 | F2: ='Instrumento de Coleta - 23'!$J$9 -> 18265803 | J2: SC
A3: =B3&"-"&C3&"-"&D3&"-"&E3 -> 17-1-2023-2 | B3: =IFERROR(VLOOKUP($J$2,Aux!A:B,2,FALSE),"-") -> 17 | C3: 1 | D3: 2023 | E3: 2 | F3: ='Instrumento de Coleta - 23'!$K$9 -> 22976138
A4: =B4&"-"&C4&"-"&D4&"-"&E4 -> 17-1-2023-3 | B4: =IFERROR(VLOOKUP($J$2,Aux!A:B,2,FALSE),"-") -> 17 | C4: 1 | D4: 2023 | E4: 3 | F4: ='Instrumento de Coleta - 23'!$L$9 -> 24708347
A5: =B5&"-"&C5&"-"&D5&"-"&E5 -> 17-1-2023-4 | B5: =IFERROR(VLOOKUP($J$2,Aux!A:B,2,FALSE),"-") -> 17 | C5: 1 | D5: 2023 | E5: 4 | F5: ='Instrumento de Coleta - 23'!$M$9 -> 24479824
A6: =B6&"-"&C6&"-"&D6&"-"&E6 -> 17-1-2023-5 | B6: =IFERROR(VLOOKUP($J$2,Aux!A:B,2,FALSE),"-") -> 17 | C6: 1 | D6: 2023 | E6: 5 | F6: ='Instrumento de Coleta - 23'!$N$9 -> 25841553
A7: =B7&"-"&C7&"-"&D7&"-"&E7 -> 17-1-2023-6 | B7: =IFERROR(VLOOKUP($J$2,Aux!A:B,2,FALSE),"-") -> 17 | C7: 1 | D7: 2023 | E7: 6 | F7: ='Instrumento de Coleta - 23'!$O$9 -> 27025443
A8: =B8&"-"&C8&"-"&D8&"-"&E8 -> 17-1-2023-7 | B8: =IFERROR(VLOOKUP($J$2,Aux!A:B,2,FALSE),"-") -> 17 | C8: 1 | D8: 2023 | E8: 7 | F8: ='Instrumento de Coleta - 23'!$P$9 -> 24965092
A9: =B9&"-"&C9&"-"&D9&"-"&E9 -> 17-1-2023-8 | B9: =IFERROR(VLOOKUP($J$2,Aux!A:B,2,FALSE),"-") -> 17 | C9: 1 | D9: 2023 | E9: 8 | F9: ='Instrumento de Coleta - 23'!$Q$9 -> 28060195
A10: =B10&"-"&C10&"-"&D10&"-"&E10 -> 17-1-2023-9 | B10: =IFERROR(VLOOKUP($J$2,Aux!A:B,2,FALSE),"-") -> 17 | C10: 1 | D10: 2023 | E10: 9 | F10: ='Instrumento de Coleta - 23'!$R$9 -> 29790604
A11: =B11&"-"&C11&"-"&D11&"-"&E11 -> 17-1-2023-10 | B11: =IFERROR(VLOOKUP($J$2,Aux!A:B,2,FALSE),"-") -> 17 | C11: 1 | D11: 2023 | E11: 10 | F11: ='Instrumento de Coleta - 23'!$S$9 -> 30136412
A12: =B12&"-"&C12&"-"&D12&"-"&E12 -> 17-1-2023-11 | B12: =IFERROR(VLOOKUP($J$2,Aux!A:B,2,FALSE),"-") -> 17 | C12: 1 | D12: 2023 | E12: 11 | F12: ='Instrumento de Coleta - 23'!$T$9 -> 29268176
A13: =B13&"-"&C13&"-"&D13&"-"&E13 -> 17-1-2023-12 | B13: =IFERROR(VLOOKUP($J$2,Aux!A:B,2,FALSE),"-") -> 17 | C13: 1 | D13: 2023 | E13: 12 | F13: ='Instrumento de Coleta - 23'!$U$9 -> 32966817
A14: =B14&"-"&C14&"-"&D14&"-"&E14 -> 17-2-2023-1 | B14: =IFERROR(VLOOKUP($J$2,Aux!A:B,2,FALSE),"-") -> 17 | C14: 2 | D14: 2023 | E14: 1 | F14: ='Instrumento de Coleta - 23'!$J$10 -> 33723212
A15: =B15&"-"&C15&"-"&D15&"-"&E15 -> 17-2-2023-2 | B15: =IFERROR(VLOOKUP($J$2,Aux!A:B,2,FALSE),"-") -> 17 | C15: 2 | D15: 2023 | E15: 2 | F15: ='Instrumento de Coleta - 23'!$K$10 -> 33805028
A16: =B16&"-"&C16&"-"&D16&"-"&E16 -> 17-2-2023-3 | B16: =IFERROR(VLOOKUP($J$2,Aux!A:B,2,FALSE),"-") -> 17 | C16: 2 | D16: 2023 | E16: 3 | F16: ='Instrumento de Coleta - 23'!$L$10 -> 35287455
A17: =B17&"-"&C17&"-"&D17&"-"&E17 -> 17-2-2023-4 | B17: =IFERROR(VLOOKUP($J$2,Aux!A:B,2,FALSE),"-") -> 17 | C17: 2 | D17: 2023 | E17: 4 | F17: ='Instrumento de Coleta - 23'!$M$10 -> 34215679
A18: =B18&"-"&C18&"-"&D18&"-"&E18 -> 17-2-2023-5 | B18: =IFERROR(VLOOKUP($J$2,Aux!A:B,2,FALSE),"-") -> 17 | C18: 2 | D18: 2023 | E18: 5 | F18: ='Instrumento de Coleta - 23'!$N$10 -> 36143610
A19: =B19&"-"&C19&"-"&D19&"-"&E19 -> 17-2-2023-6 | B19: =IFERROR(VLOOKUP($J$2,Aux!A:B,2,FALSE),"-") -> 17 | C19: 2 | D19: 2023 | E19: 6 | F19: ='Instrumento de Coleta - 23'!$O$10 -> 37771759
A20: =B20&"-"&C20&"-"&D20&"-"&E20 -> 17-2-2023-7 | B20: =IFERROR(VLOOKUP($J$2,Aux!A:B,2,FALSE),"-") -> 17 | C20: 2 | D20: 2023 | E20: 7 | F20: ='Instrumento de Coleta - 23'!$P$10 -> 36373358
A21: =B21&"-"&C21&"-"&D21&"-"&E21 -> 17-2-2023-8 | B21: =IFERROR(VLOOKUP($J$2,Aux!A:B,2,FALSE),"-") -> 17 | C21: 2 | D21: 2023 | E21: 8 | F21: ='Instrumento de Coleta - 23'!$Q$10 -> 36858730
A22: =B22&"-"&C22&"-"&D22&"-"&E22 -> 17-2-2023-9 | B22: =IFERROR(VLOOKUP($J$2,Aux!A:B,2,FALSE),"-") -> 17 | C22: 2 | D22: 2023 | E22: 9 | F22: ='Instrumento de Coleta - 23'!$R$10 -> 35590476
A23: =B23&"-"&C23&"-"&D23&"-"&E23 -> 17-2-2023-10 | B23: =IFERROR(VLOOKUP($J$2,Aux!A:B,2,FALSE),"-") -> 17 | C23: 2 | D23: 2023 | E23: 10 | F23: ='Instrumento de Coleta - 23'!$S$10 -> 36547955
A24: =B24&"-"&C24&"-"&D24&"-"&E24 -> 17-2-2023-11 | B24: =IFERROR(VLOOKUP($J$2,Aux!A:B,2,FALSE),"-") -> 17 | C24: 2 | D24: 2023 | E24: 11 | F24: ='Instrumento de Coleta - 23'!$T$10 -> 35608787
A25: =B25&"-"&C25&"-"&D25&"-"&E25 -> 17-2-2023-12 | B25: =IFERROR(VLOOKUP($J$2,Aux!A:B,2,FALSE),"-") -> 17 | C25: 2 | D25: 2023 | E25: 12 | F25: ='Instrumento de Coleta - 23'!$U$10 -> 54286098
A26: =B26&"-"&C26&"-"&D26&"-"&E26 -> 17-3-2023-1 | B26: =IFERROR(VLOOKUP($J$2,Aux!A:B,2,FALSE),"-") -> 17 | C26: 3 | D26: 2023 | E26: 1 | F26: ='Instrumento de Coleta - 23'!$J$13 -> 36
A27: =B27&"-"&C27&"-"&D27&"-"&E27 -> 17-3-2023-2 | B27: =IFERROR(VLOOKUP($J$2,Aux!A:B,2,FALSE),"-") -> 17 | C27: 3 | D27: 2023 | E27: 2 | F27: ='Instrumento de Coleta - 23'!$K$13 -> 76
A28: =B28&"-"&C28&"-"&D28&"-"&E28 -> 17-3-2023-3 | B28: =IFERROR(VLOOKUP($J$2,Aux!A:B,2,FALSE),"-") -> 17 | C28: 3 | D28: 2023 | E28: 3 | F28: ='Instrumento de Coleta - 23'!$L$13 -> 49
A29: =B29&"-"&C29&"-"&D29&"-"&E29 -> 17-3-2023-4 | B29: =IFERROR(VLOOKUP($J$2,Aux!A:B,2,FALSE),"-") -> 17 | C29: 3 | D29: 2023 | E29: 4 | F29: ='Instrumento de Coleta - 23'!$M$13 -> 52
A30: =B30&"-"&C30&"-"&D30&"-"&E30 -> 17-3-2023-5 | B30: =IFERROR(VLOOKUP($J$2,Aux!A:B,2,FALSE),"-") -> 17 | C30: 3 | D30: 2023 | E30: 5 | F30: ='Instrumento de Coleta - 23'!$N$13 -> 51
A31: =B31&"-"&C31&"-"&D31&"-"&E31 -> 17-3-2023-6 | B31: =IFERROR(VLOOKUP($J$2,Aux!A:B,2,FALSE),"-") -> 17 | C31: 3 | D31: 2023 | E31: 6 | F31: ='Instrumento de Coleta - 23'!$O$13 -> 62
A32: =B32&"-"&C32&"-"&D32&"-"&E32 -> 17-3-2023-7 | B32: =IFERROR(VLOOKUP($J$2,Aux!A:B,2,FALSE),"-") -> 17 | C32: 3 | D32: 2023 | E32: 7 | F32: ='Instrumento de Coleta - 23'!$P$13 -> 63
A33: =B33&"-"&C33&"-"&D33&"-"&E33 -> 17-3-2023-8 | B33: =IFERROR(VLOOKUP($J$2,Aux!A:B,2,FALSE),"-") -> 17 | C33: 3 | D33: 2023 | E33: 8 | F33: ='Instrumento de Coleta - 23'!$Q$13 -> 41
A34: =B34&"-"&C34&"-"&D34&"-"&E34 -> 17-3-2023-9 | B34: =IFERROR(VLOOKUP($J$2,Aux!A:B,2,FALSE),"-") -> 17 | C34: 3 | D34: 2023 | E34: 9 | F34: ='Instrumento de Coleta - 23'!$R$13 -> 62
A35: =B35&"-"&C35&"-"&D35&"-"&E35 -> 17-3-2023-10 | B35: =IFERROR(VLOOKUP($J$2,Aux!A:B,2,FALSE),"-") -> 17 | C35: 3 | D35: 2023 | E35: 10 | F35: ='Instrumento de Coleta - 23'!$S$13 -> 41
A36: =B36&"-"&C36&"-"&D36&"-"&E36 -> 17-3-2023-11 | B36: =IFERROR(VLOOKUP($J$2,Aux!A:B,2,FALSE),"-") -> 17 | C36: 3 | D36: 2023 | E36: 11 | F36: ='Instrumento de Coleta - 23'!$T$13 -> 38
A37: =B37&"-"&C37&"-"&D37&"-"&E37 -> 17-3-2023-12 | B37: =IFERROR(VLOOKUP($J$2,Aux!A:B,2,FALSE),"-") -> 17 | C37: 3 | D37: 2023 | E37: 12 | F37: ='Instrumento de Coleta - 23'!$U$13 -> 53
A38: =B38&"-"&C38&"-"&D38&"-"&E38 -> 17-4-2023-1 | B38: =IFERROR(VLOOKUP($J$2,Aux!A:B,2,FALSE),"-") -> 17 | C38: 4 | D38: 2023 | E38: 1 | F38: ='Instrumento de Coleta - 23'!$J$14 -> 2805
A39: =B39&"-"&C39&"-"&D39&"-"&E39 -> 17-4-2023-2 | B39: =IFERROR(VLOOKUP($J$2,Aux!A:B,2,FALSE),"-") -> 17 | C39: 4 | D39: 2023 | E39: 2 | F39: ='Instrumento de Coleta - 23'!$K$14 -> 2931
A40: =B40&"-"&C40&"-"&D40&"-"&E40 -> 17-4-2023-3 | B40: =IFERROR(VLOOKUP($J$2,Aux!A:B,2,FALSE),"-") -> 17 | C40: 4 | D40: 2023 | E40: 3 | F40: ='Instrumento de Coleta - 23'!$L$14 -> 3013
A41: =B41&"-"&C41&"-"&D41&"-"&E41 -> 17-4-2023-4 | B41: =IFERROR(VLOOKUP($J$2,Aux!A:B,2,FALSE),"-") -> 17 | C41: 4 | D41: 2023 | E41: 4 | F41: ='Instrumento de Coleta - 23'!$M$14 -> 3048
A42: =B42&"-"&C42&"-"&D42&"-"&E42 -> 17-4-2023-5 | B42: =IFERROR(VLOOKUP($J$2,Aux!A:B,2,FALSE),"-") -> 17 | C42: 4 | D42: 2023 | E42: 5 | F42: ='Instrumento de Coleta - 23'!$N$14 -> 3068
A43: =B43&"-"&C43&"-"&D43&"-"&E43 -> 17-4-2023-6 | B43: =IFERROR(VLOOKUP($J$2,Aux!A:B,2,FALSE),"-") -> 17 | C43: 4 | D43: 2023 | E43: 6 | F43: ='Instrumento de Coleta - 23'!$O$14 -> 3073
A44: =B44&"-"&C44&"-"&D44&"-"&E44 -> 17-4-2023-7 | B44: =IFERROR(VLOOKUP($J$2,Aux!A:B,2,FALSE),"-") -> 17 | C44: 4 | D44: 2023 | E44: 7 | F44: ='Instrumento de Coleta - 23'!$P$14 -> 3070
A45: =B45&"-"&C45&"-"&D45&"-"&E45 -> 17-4-2023-8 | B45: =IFERROR(VLOOKUP($J$2,Aux!A:B,2,FALSE),"-") -> 17 | C45: 4 | D45: 2023 | E45: 8 | F45: ='Instrumento de Coleta - 23'!$Q$14 -> 3118
A46: =B46&"-"&C46&"-"&D46&"-"&E46 -> 17-4-2023-9 | B46: =IFERROR(VLOOKUP($J$2,Aux!A:B,2,FALSE),"-") -> 17 | C46: 4 | D46: 2023 | E46: 9 | F46: ='Instrumento de Coleta - 23'!$R$14 -> 3111
A47: =B47&"-"&C47&"-"&D47&"-"&E47 -> 17-4-2023-10 | B47: =IFERROR(VLOOKUP($J$2,Aux!A:B,2,FALSE),"-") -> 17 | C47: 4 | D47: 2023 | E47: 10 | F47: ='Instrumento de Coleta - 23'!$S$14 -> 3109
A48: =B48&"-"&C48&"-"&D48&"-"&E48 -> 17-4-2023-11 | B48: =IFERROR(VLOOKUP($J$2,Aux!A:B,2,FALSE),"-") -> 17 | C48: 4 | D48: 2023 | E48: 11 | F48: ='Instrumento de Coleta - 23'!$T$14 -> 3121
A49: =B49&"-"&C49&"-"&D49&"-"&E49 -> 17-4-2023-12 | B49: =IFERROR(VLOOKUP($J$2,Aux!A:B,2,FALSE),"-") -> 17 | C49: 4 | D49: 2023 | E49: 12 | F49: ='Instrumento de Coleta - 23'!$U$14 -> 3088
A50: =B50&"-"&C50&"-"&D50&"-"&E50 -> 17-5-2023-1 | B50: =IFERROR(VLOOKUP($J$2,Aux!A:B,2,FALSE),"-") -> 17 | C50: 5 | D50: 2023 | E50: 1 | F50: ='Instrumento de Coleta - 23'!$J$16 -> 60
A51: =B51&"-"&C51&"-"&D51&"-"&E51 -> 17-5-2023-2 | B51: =IFERROR(VLOOKUP($J$2,Aux!A:B,2,FALSE),"-") -> 17 | C51: 5 | D51: 2023 | E51: 2 | F51: ='Instrumento de Coleta - 23'!$K$16 -> 1035
A52: =B52&"-"&C52&"-"&D52&"-"&E52 -> 17-5-2023-3 | B52: =IFERROR(VLOOKUP($J$2,Aux!A:B,2,FALSE),"-") -> 17 | C52: 5 | D52: 2023 | E52: 3 | F52: ='Instrumento de Coleta - 23'!$L$16 -> 371
A53: =B53&"-"&C53&"-"&D53&"-"&E53 -> 17-5-2023-4 | B53: =IFERROR(VLOOKUP($J$2,Aux!A:B,2,FALSE),"-") -> 17 | C53: 5 | D53: 2023 | E53: 4 | F53: ='Instrumento de Coleta - 23'!$M$16 -> 137
A54: =B54&"-"&C54&"-"&D54&"-"&E54 -> 17-5-2023-5 | B54: =IFERROR(VLOOKUP($J$2,Aux!A:B,2,FALSE),"-") -> 17 | C54: 5 | D54: 2023 | E54: 5 | F54: ='Instrumento de Coleta - 23'!$N$16 -> 200
A55: =B55&"-"&C55&"-"&D55&"-"&E55 -> 17-5-2023-6 | B55: =IFERROR(VLOOKUP($J$2,Aux!A:B,2,FALSE),"-") -> 17 | C55: 5 | D55: 2023 | E55: 6 | F55: ='Instrumento de Coleta - 23'!$O$16 -> 134
A56: =B56&"-"&C56&"-"&D56&"-"&E56 -> 17-5-2023-7 | B56: =IFERROR(VLOOKUP($J$2,Aux!A:B,2,FALSE),"-") -> 17 | C56: 5 | D56: 2023 | E56: 7 | F56: ='Instrumento de Coleta - 23'!$P$16 -> 339
A57: =B57&"-"&C57&"-"&D57&"-"&E57 -> 17-5-2023-8 | B57: =IFERROR(VLOOKUP($J$2,Aux!A:B,2,FALSE),"-") -> 17 | C57: 5 | D57: 2023 | E57: 8 | F57: ='Instrumento de Coleta - 23'!$Q$16 -> 164
A58: =B58&"-"&C58&"-"&D58&"-"&E58 -> 17-5-2023-9 | B58: =IFERROR(VLOOKUP($J$2,Aux!A:B,2,FALSE),"-") -> 17 | C58: 5 | D58: 2023 | E58: 9 | F58: ='Instrumento de Coleta - 23'!$R$16 -> 73
A59: =B59&"-"&C59&"-"&D59&"-"&E59 -> 17-5-2023-10 | B59: =IFERROR(VLOOKUP($J$2,Aux!A:B,2,FALSE),"-") -> 17 | C59: 5 | D59: 2023 | E59: 10 | F59: ='Instrumento de Coleta - 23'!$S$16 -> 161
A60: =B60&"-"&C60&"-"&D60&"-"&E60 -> 17-5-2023-11 | B60: =IFERROR(VLOOKUP($J$2,Aux!A:B,2,FALSE),"-") -> 17 | C60: 5 | D60: 2023 | E60: 11 | F60: ='Instrumento de Coleta - 23'!$T$16 -> 195
A61: =B61&"-"&C61&"-"&D61&"-"&E61 -> 17-5-2023-12 | B61: =IFERROR(VLOOKUP($J$2,Aux!A:B,2,FALSE),"-") -> 17 | C61: 5 | D61: 2023 | E61: 12 | F61: ='Instrumento de Coleta - 23'!$U$16 -> 351
A62: =B62&"-"&C62&"-"&D62&"-"&E62 -> 17-6-2023-1 | B62: =IFERROR(VLOOKUP($J$2,Aux!A:B,2,FALSE),"-") -> 17 | C62: 6 | D62: 2023 | E62: 1 | F62: ='Instrumento de Coleta - 23'!$J$19 -> 1356238.5
A63: =B63&"-"&C63&"-"&D63&"-"&E63 -> 17-6-2023-2 | B63: =IFERROR(VLOOKUP($J$2,Aux!A:B,2,FALSE),"-") -> 17 | C63: 6 | D63: 2023 | E63: 2 | F63: ='Instrumento de Coleta - 23'!$K$19 -> 1789484.9
A64: =B64&"-"&C64&"-"&D64&"-"&E64 -> 17-6-2023-3 | B64: =IFERROR(VLOOKUP($J$2,Aux!A:B,2,FALSE),"-") -> 17 | C64: 6 | D64: 2023 | E64: 3 | F64: ='Instrumento de Coleta - 23'!$L$19 -> 2089789.2
A65: =B65&"-"&C65&"-"&D65&"-"&E65 -> 17-6-2023-4 | B65: =IFERROR(VLOOKUP($J$2,Aux!A:B,2,FALSE),"-") -> 17 | C65: 6 | D65: 2023 | E65: 4 | F65: ='Instrumento de Coleta - 23'!$M$19 -> 2356014.8
A66: =B66&"-"&C66&"-"&D66&"-"&E66 -> 17-6-2023-5 | B66: =IFERROR(VLOOKUP($J$2,Aux!A:B,2,FALSE),"-") -> 17 | C66: 6 | D66: 2023 | E66: 5 | F66: ='Instrumento de Coleta - 23'!$N$19 -> 3394248.8
A67: =B67&"-"&C67&"-"&D67&"-"&E67 -> 17-6-2023-6 | B67: =IFERROR(VLOOKUP($J$2,Aux!A:B,2,FALSE),"-") -> 17 | C67: 6 | D67: 2023 | E67: 6 | F67: ='Instrumento de Coleta - 23'!$O$19 -> 1589650.7
A68: =B68&"-"&C68&"-"&D68&"-"&E68 -> 17-6-2023-7 | B68: =IFERROR(VLOOKUP($J$2,Aux!A:B,2,FALSE),"-") -> 17 | C68: 6 | D68: 2023 | E68: 7 | F68: ='Instrumento de Coleta - 23'!$P$19 -> 11495677
A69: =B69&"-"&C69&"-"&D69&"-"&E69 -> 17-6-2023-8 | B69: =IFERROR(VLOOKUP($J$2,Aux!A:B,2,FALSE),"-") -> 17 | C69: 6 | D69: 2023 | E69: 8 | F69: ='Instrumento de Coleta - 23'!$Q$19 -> 2239691
A70: =B70&"-"&C70&"-"&D70&"-"&E70 -> 17-6-2023-9 | B70: =IFERROR(VLOOKUP($J$2,Aux!A:B,2,FALSE),"-") -> 17 | C70: 6 | D70: 2023 | E70: 9 | F70: ='Instrumento de Coleta - 23'!$R$19 -> 2276515.5
A71: =B71&"-"&C71&"-"&D71&"-"&E71 -> 17-6-2023-10 | B71: =IFERROR(VLOOKUP($J$2,Aux!A:B,2,FALSE),"-") -> 17 | C71: 6 | D71: 2023 | E71: 10 | F71: ='Instrumento de Coleta - 23'!$S$19 -> 28537441
A72: =B72&"-"&C72&"-"&D72&"-"&E72 -> 17-6-2023-11 | B72: =IFERROR(VLOOKUP($J$2,Aux!A:B,2,FALSE),"-") -> 17 | C72: 6 | D72: 2023 | E72: 11 | F72: ='Instrumento de Coleta - 23'!$T$19 -> 1922933.1
A73: =B73&"-"&C73&"-"&D73&"-"&E73 -> 17-6-2023-12 | B73: =IFERROR(VLOOKUP($J$2,Aux!A:B,2,FALSE),"-") -> 17 | C73: 6 | D73: 2023 | E73: 12 | F73: ='Instrumento de Coleta - 23'!$U$19 -> 2776144.2
A74: =B74&"-"&C74&"-"&D74&"-"&E74 -> 17-7-2023-1 | B74: =IFERROR(VLOOKUP($J$2,Aux!A:B,2,FALSE),"-") -> 17 | C74: 7 | D74: 2023 | E74: 1 | F74: ='Instrumento de Coleta - 23'!$J$22 -> 5612079.9
A75: =B75&"-"&C75&"-"&D75&"-"&E75 -> 17-7-2023-2 | B75: =IFERROR(VLOOKUP($J$2,Aux!A:B,2,FALSE),"-") -> 17 | C75: 7 | D75: 2023 | E75: 2 | F75: ='Instrumento de Coleta - 23'!$K$22 -> 5712979.6
A76: =B76&"-"&C76&"-"&D76&"-"&E76 -> 17-7-2023-3 | B76: =IFERROR(VLOOKUP($J$2,Aux!A:B,2,FALSE),"-") -> 17 | C76: 7 | D76: 2023 | E76: 3 | F76: ='Instrumento de Coleta - 23'!$L$22 -> 6476056.8
A77: =B77&"-"&C77&"-"&D77&"-"&E77 -> 17-7-2023-4 | B77: =IFERROR(VLOOKUP($J$2,Aux!A:B,2,FALSE),"-") -> 17 | C77: 7 | D77: 2023 | E77: 4 | F77: ='Instrumento de Coleta - 23'!$M$22 -> 5833143.9
A78: =B78&"-"&C78&"-"&D78&"-"&E78 -> 17-7-2023-5 | B78: =IFERROR(VLOOKUP($J$2,Aux!A:B,2,FALSE),"-") -> 17 | C78: 7 | D78: 2023 | E78: 5 | F78: ='Instrumento de Coleta - 23'!$N$22 -> 6351245.6
A79: =B79&"-"&C79&"-"&D79&"-"&E79 -> 17-7-2023-6 | B79: =IFERROR(VLOOKUP($J$2,Aux!A:B,2,FALSE),"-") -> 17 | C79: 7 | D79: 2023 | E79: 6 | F79: ='Instrumento de Coleta - 23'!$O$22 -> 6924754.8
A80: =B80&"-"&C80&"-"&D80&"-"&E80 -> 17-7-2023-7 | B80: =IFERROR(VLOOKUP($J$2,Aux!A:B,2,FALSE),"-") -> 17 | C80: 7 | D80: 2023 | E80: 7 | F80: ='Instrumento de Coleta - 23'!$P$22 -> 5850989.4
A81: =B81&"-"&C81&"-"&D81&"-"&E81 -> 17-7-2023-8 | B81: =IFERROR(VLOOKUP($J$2,Aux!A:B,2,FALSE),"-") -> 17 | C81: 7 | D81: 2023 | E81: 8 | F81: ='Instrumento de Coleta - 23'!$Q$22 -> 7501560.5
A82: =B82&"-"&C82&"-"&D82&"-"&E82 -> 17-7-2023-9 | B82: =IFERROR(VLOOKUP($J$2,Aux!A:B,2,FALSE),"-") -> 17 | C82: 7 | D82: 2023 | E82: 9 | F82: ='Instrumento de Coleta - 23'!$R$22 -> 7539781
A83: =B83&"-"&C83&"-"&D83&"-"&E83 -> 17-7-2023-10 | B83: =IFERROR(VLOOKUP($J$2,Aux!A:B,2,FALSE),"-") -> 17 | C83: 7 | D83: 2023 | E83: 10 | F83: ='Instrumento de Coleta - 23'!$S$22 -> 6619619.1
A84: =B84&"-"&C84&"-"&D84&"-"&E84 -> 17-7-2023-11 | B84: =IFERROR(VLOOKUP($J$2,Aux!A:B,2,FALSE),"-") -> 17 | C84: 7 | D84: 2023 | E84: 11 | F84: ='Instrumento de Coleta - 23'!$T$22 -> 6623295.5
A85: =B85&"-"&C85&"-"&D85&"-"&E85 -> 17-7-2023-12 | B85: =IFERROR(VLOOKUP($J$2,Aux!A:B,2,FALSE),"-") -> 17 | C85: 7 | D85: 2023 | E85: 12 | F85: ='Instrumento de Coleta - 23'!$U$22 -> 6976401.4
A86: =B86&"-"&C86&"-"&D86&"-"&E86 -> 17-8-2023-1 | B86: =IFERROR(VLOOKUP($J$2,Aux!A:B,2,FALSE),"-") -> 17 | C86: 8 | D86: 2023 | E86: 1 | F86: ='Instrumento de Coleta - 23'!$J$25 -> 372053.3
A87: =B87&"-"&C87&"-"&D87&"-"&E87 -> 17-8-2023-2 | B87: =IFERROR(VLOOKUP($J$2,Aux!A:B,2,FALSE),"-") -> 17 | C87: 8 | D87: 2023 | E87: 2 | F87: ='Instrumento de Coleta - 23'!$K$25 -> 219774.08
A88: =B88&"-"&C88&"-"&D88&"-"&E88 -> 17-8-2023-3 | B88: =IFERROR(VLOOKUP($J$2,Aux!A:B,2,FALSE),"-") -> 17 | C88: 8 | D88: 2023 | E88: 3 | F88: ='Instrumento de Coleta - 23'!$L$25 -> 291429.39
A89: =B89&"-"&C89&"-"&D89&"-"&E89 -> 17-8-2023-4 | B89: =IFERROR(VLOOKUP($J$2,Aux!A:B,2,FALSE),"-") -> 17 | C89: 8 | D89: 2023 | E89: 4 | F89: ='Instrumento de Coleta - 23'!$M$25 -> 294469.79
A90: =B90&"-"&C90&"-"&D90&"-"&E90 -> 17-8-2023-5 | B90: =IFERROR(VLOOKUP($J$2,Aux!A:B,2,FALSE),"-") -> 17 | C90: 8 | D90: 2023 | E90: 5 | F90: ='Instrumento de Coleta - 23'!$N$25 -> 503812.76
A91: =B91&"-"&C91&"-"&D91&"-"&E91 -> 17-8-2023-6 | B91: =IFERROR(VLOOKUP($J$2,Aux!A:B,2,FALSE),"-") -> 17 | C91: 8 | D91: 2023 | E91: 6 | F91: ='Instrumento de Coleta - 23'!$O$25 -> 221666.21
A92: =B92&"-"&C92&"-"&D92&"-"&E92 -> 17-8-2023-7 | B92: =IFERROR(VLOOKUP($J$2,Aux!A:B,2,FALSE),"-") -> 17 | C92: 8 | D92: 2023 | E92: 7 | F92: ='Instrumento de Coleta - 23'!$P$25 -> 204468.6
A93: =B93&"-"&C93&"-"&D93&"-"&E93 -> 17-8-2023-8 | B93: =IFERROR(VLOOKUP($J$2,Aux!A:B,2,FALSE),"-") -> 17 | C93: 8 | D93: 2023 | E93: 8 | F93: ='Instrumento de Coleta - 23'!$Q$25 -> 585540.45
A94: =B94&"-"&C94&"-"&D94&"-"&E94 -> 17-8-2023-9 | B94: =IFERROR(VLOOKUP($J$2,Aux!A:B,2,FALSE),"-") -> 17 | C94: 8 | D94: 2023 | E94: 9 | F94: ='Instrumento de Coleta - 23'!$R$25 -> 266836.71
A95: =B95&"-"&C95&"-"&D95&"-"&E95 -> 17-8-2023-10 | B95: =IFERROR(VLOOKUP($J$2,Aux!A:B,2,FALSE),"-") -> 17 | C95: 8 | D95: 2023 | E95: 10 | F95: ='Instrumento de Coleta - 23'!$S$25 -> 2096675.9
A96: =B96&"-"&C96&"-"&D96&"-"&E96 -> 17-8-2023-11 | B96: =IFERROR(VLOOKUP($J$2,Aux!A:B,2,FALSE),"-") -> 17 | C96: 8 | D96: 2023 | E96: 11 | F96: ='Instrumento de Coleta - 23'!$T$25 -> 285770.74
A97: =B97&"-"&C97&"-"&D97&"-"&E97 -> 17-8-2023-12 | B97: =IFERROR(VLOOKUP($J$2,Aux!A:B,2,FALSE),"-") -> 17 | C97: 8 | D97: 2023 | E97: 12 | F97: ='Instrumento de Coleta - 23'!$U$25 -> 359801.73
A98: =B98&"-"&C98&"-"&D98&"-"&E98 -> 17-9-2023-1 | B98: =IFERROR(VLOOKUP($J$2,Aux!A:B,2,FALSE),"-") -> 17 | C98: 9 | D98: 2023 | E98: 1 | F98: ='Instrumento de Coleta - 23'!$J$33 -> 11
A99: =B99&"-"&C99&"-"&D99&"-"&E99 -> 17-9-2023-2 | B99: =IFERROR(VLOOKUP($J$2,Aux!A:B,2,FALSE),"-") -> 17 | C99: 9 | D99: 2023 | E99: 2 | F99: ='Instrumento de Coleta - 23'!$K$33 -> 1
A100: =B100&"-"&C100&"-"&D100&"-"&E100 -> 17-9-2023-3 | B100: =IFERROR(VLOOKUP($J$2,Aux!A:B,2,FALSE),"-") -> 17 | C100: 9 | D100: 2023 | E100: 3 | F100: ='Instrumento de Coleta - 23'!$L$33 -> 5
...

Sheet Base - 24
A1: CHAVE | B1: COD_DP | C1: COD_VAR | D1: ANO | E1: Mês | F1: RESULTADO | J1: Selecione o Departamento Regional
A2: =B2&"-"&C2&"-"&D2&"-"&E2 -> 17-1-2024-1 | B2: =IFERROR(VLOOKUP($J$2,Aux!A:B,2,FALSE),"-") -> 17 | C2: 1 | D2: 2024 | E2: 1 | F2: ='Instrumento de Coleta - 24'!$J$9 -> 22570954 | J2: SC
A3: =B3&"-"&C3&"-"&D3&"-"&E3 -> 17-2-2024-1 | B3: =IFERROR(VLOOKUP($J$2,Aux!A:B,2,FALSE),"-") -> 17 | C3: 2 | D3: 2024 | E3: 1 | F3: ='Instrumento de Coleta - 24'!$J$10 -> 40350934
A4: =B4&"-"&C4&"-"&D4&"-"&E4 -> 17-3-2024-1 | B4: =IFERROR(VLOOKUP($J$2,Aux!A:B,2,FALSE),"-") -> 17 | C4: 3 | D4: 2024 | E4: 1 | F4: ='Instrumento de Coleta - 24'!$J$13 -> 42
A5: =B5&"-"&C5&"-"&D5&"-"&E5 -> 17-4-2024-1 | B5: =IFERROR(VLOOKUP($J$2,Aux!A:B,2,FALSE),"-") -> 17 | C5: 4 | D5: 2024 | E5: 1 | F5: ='Instrumento de Coleta - 24'!$J$14 -> 3131
A6: =B6&"-"&C6&"-"&D6&"-"&E6 -> 17-5-2024-1 | B6: =IFERROR(VLOOKUP($J$2,Aux!A:B,2,FALSE),"-") -> 17 | C6: 5 | D6: 2024 | E6: 1 | F6: ='Instrumento de Coleta - 24'!$J$16 -> 128
A7: =B7&"-"&C7&"-"&D7&"-"&E7 -> 17-6-2024-1 | B7: =IFERROR(VLOOKUP($J$2,Aux!A:B,2,FALSE),"-") -> 17 | C7: 6 | D7: 2024 | E7: 1 | F7: ='Instrumento de Coleta - 24'!$J$19 -> 2146756.5
A8: =B8&"-"&C8&"-"&D8&"-"&E8 -> 17-7-2024-1 | B8: =IFERROR(VLOOKUP($J$2,Aux!A:B,2,FALSE),"-") -> 17 | C8: 7 | D8: 2024 | E8: 1 | F8: ='Instrumento de Coleta - 24'!$J$22 -> 6963640.2
A9: =B9&"-"&C9&"-"&D9&"-"&E9 -> 17-8-2024-1 | B9: =IFERROR(VLOOKUP($J$2,Aux!A:B,2,FALSE),"-") -> 17 | C9: 8 | D9: 2024 | E9: 1 | F9: ='Instrumento de Coleta - 24'!$J$25 -> 243173.56
A10: =B10&"-"&C10&"-"&D10&"-"&E10 -> 17-9-2024-1 | B10: =IFERROR(VLOOKUP($J$2,Aux!A:B,2,FALSE),"-") -> 17 | C10: 9 | D10: 2024 | E10: 1 | F10: ='Instrumento de Coleta - 24'!$J$33 -> 9
A11: =B11&"-"&C11&"-"&D11&"-"&E11 -> 17-10-2024-1 | B11: =IFERROR(VLOOKUP($J$2,Aux!A:B,2,FALSE),"-") -> 17 | C11: 10 | D11: 2024 | E11: 1 | F11: ='Instrumento de Coleta - 24'!$J$34 -> 9
A12: =B12&"-"&C12&"-"&D12&"-"&E12 -> 17-16-2024-1 | B12: =IFERROR(VLOOKUP($J$2,Aux!A:B,2,FALSE),"-") -> 17 | C12: 16 | D12: 2024 | E12: 1 | F12: ='Instrumento de Coleta - 24'!$J$29 -> 17837
A13: =B13&"-"&C13&"-"&D13&"-"&E13 -> 17-17-2024-1 | B13: =IFERROR(VLOOKUP($J$2,Aux!A:B,2,FALSE),"-") -> 17 | C13: 17 | D13: 2024 | E13: 1 | F13: ='Instrumento de Coleta - 24'!$J$30 -> 98.98
A14: =B14&"-"&C14&"-"&D14&"-"&E14 -> 17-18-2024-1 | B14: =IFERROR(VLOOKUP($J$2,Aux!A:B,2,FALSE),"-") -> 17 | C14: 18 | D14: 2024 | E14: 1 | F14: ='Instrumento de Coleta - 24'!$J$31 -> 1891.88
A15: =B15&"-"&C15&"-"&D15&"-"&E15 -> 17-1-2024-2 | B15: =IFERROR(VLOOKUP($J$2,Aux!A:B,2,FALSE),"-") -> 17 | C15: 1 | D15: 2024 | E15: 2 | F15: ='Instrumento de Coleta - 24'!$K$9 -> 31636911
A16: =B16&"-"&C16&"-"&D16&"-"&E16 -> 17-2-2024-2 | B16: =IFERROR(VLOOKUP($J$2,Aux!A:B,2,FALSE),"-") -> 17 | C16: 2 | D16: 2024 | E16: 2 | F16: ='Instrumento de Coleta - 24'!$K$10 -> 39544142
A17: =B17&"-"&C17&"-"&D17&"-"&E17 -> 17-3-2024-2 | B17: =IFERROR(VLOOKUP($J$2,Aux!A:B,2,FALSE),"-") -> 17 | C17: 3 | D17: 2024 | E17: 2 | F17: ='Instrumento de Coleta - 24'!$K$13 -> 120
A18: =B18&"-"&C18&"-"&D18&"-"&E18 -> 17-4-2024-2 | B18: =IFERROR(VLOOKUP($J$2,Aux!A:B,2,FALSE),"-") -> 17 | C18: 4 | D18: 2024 | E18: 2 | F18: ='Instrumento de Coleta - 24'!$K$14 -> 3154
A19: =B19&"-"&C19&"-"&D19&"-"&E19 -> 17-5-2024-2 | B19: =IFERROR(VLOOKUP($J$2,Aux!A:B,2,FALSE),"-") -> 17 | C19: 5 | D19: 2024 | E19: 2 | F19: ='Instrumento de Coleta - 24'!$K$16 -> 1038
A20: =B20&"-"&C20&"-"&D20&"-"&E20 -> 17-6-2024-2 | B20: =IFERROR(VLOOKUP($J$2,Aux!A:B,2,FALSE),"-") -> 17 | C20: 6 | D20: 2024 | E20: 2 | F20: ='Instrumento de Coleta - 24'!$K$19 -> 1693598.8
A21: =B21&"-"&C21&"-"&D21&"-"&E21 -> 17-7-2024-2 | B21: =IFERROR(VLOOKUP($J$2,Aux!A:B,2,FALSE),"-") -> 17 | C21: 7 | D21: 2024 | E21: 2 | F21: ='Instrumento de Coleta - 24'!$K$22 -> 9353270.7
A22: =B22&"-"&C22&"-"&D22&"-"&E22 -> 17-8-2024-2 | B22: =IFERROR(VLOOKUP($J$2,Aux!A:B,2,FALSE),"-") -> 17 | C22: 8 | D22: 2024 | E22: 2 | F22: ='Instrumento de Coleta - 24'!$K$25 -> 258098.26
A23: =B23&"-"&C23&"-"&D23&"-"&E23 -> 17-9-2024-2 | B23: =IFERROR(VLOOKUP($J$2,Aux!A:B,2,FALSE),"-") -> 17 | C23: 9 | D23: 2024 | E23: 2 | F23: ='Instrumento de Coleta - 24'!$K$33 -> 7
A24: =B24&"-"&C24&"-"&D24&"-"&E24 -> 17-10-2024-2 | B24: =IFERROR(VLOOKUP($J$2,Aux!A:B,2,FALSE),"-") -> 17 | C24: 10 | D24: 2024 | E24: 2 | F24: ='Instrumento de Coleta - 24'!$K$34 -> 7
A25: =B25&"-"&C25&"-"&D25&"-"&E25 -> 17-16-2024-2 | B25: =IFERROR(VLOOKUP($J$2,Aux!A:B,2,FALSE),"-") -> 17 | C25: 16 | D25: 2024 | E25: 2 | F25: ='Instrumento de Coleta - 24'!$K$29 -> 20498
A26: =B26&"-"&C26&"-"&D26&"-"&E26 -> 17-17-2024-2 | B26: =IFERROR(VLOOKUP($J$2,Aux!A:B,2,FALSE),"-") -> 17 | C26: 17 | D26: 2024 | E26: 2 | F26: ='Instrumento de Coleta - 24'!$K$30 -> 72.52
A27: =B27&"-"&C27&"-"&D27&"-"&E27 -> 17-18-2024-2 | B27: =IFERROR(VLOOKUP($J$2,Aux!A:B,2,FALSE),"-") -> 17 | C27: 18 | D27: 2024 | E27: 2 | F27: ='Instrumento de Coleta - 24'!$K$31 -> 1891.88
A28: =B28&"-"&C28&"-"&D28&"-"&E28 -> 17-1-2024-3 | B28: =IFERROR(VLOOKUP($J$2,Aux!A:B,2,FALSE),"-") -> 17 | C28: 1 | D28: 2024 | E28: 3 | F28: ='Instrumento de Coleta - 24'!$L$9 -> 38043441
A29: =B29&"-"&C29&"-"&D29&"-"&E29 -> 17-2-2024-3 | B29: =IFERROR(VLOOKUP($J$2,Aux!A:B,2,FALSE),"-") -> 17 | C29: 2 | D29: 2024 | E29: 3 | F29: ='Instrumento de Coleta - 24'!$L$10 -> 97314287
A30: =B30&"-"&C30&"-"&D30&"-"&E30 -> 17-3-2024-3 | B30: =IFERROR(VLOOKUP($J$2,Aux!A:B,2,FALSE),"-") -> 17 | C30: 3 | D30: 2024 | E30: 3 | F30: ='Instrumento de Coleta - 24'!$L$13 -> 59
A31: =B31&"-"&C31&"-"&D31&"-"&E31 -> 17-4-2024-3 | B31: =IFERROR(VLOOKUP($J$2,Aux!A:B,2,FALSE),"-") -> 17 | C31: 4 | D31: 2024 | E31: 3 | F31: ='Instrumento de Coleta - 24'!$L$14 -> 3198
A32: =B32&"-"&C32&"-"&D32&"-"&E32 -> 17-5-2024-3 | B32: =IFERROR(VLOOKUP($J$2,Aux!A:B,2,FALSE),"-") -> 17 | C32: 5 | D32: 2024 | E32: 3 | F32: ='Instrumento de Coleta - 24'!$L$16 -> 372
A33: =B33&"-"&C33&"-"&D33&"-"&E33 -> 17-6-2024-3 | B33: =IFERROR(VLOOKUP($J$2,Aux!A:B,2,FALSE),"-") -> 17 | C33: 6 | D33: 2024 | E33: 3 | F33: ='Instrumento de Coleta - 24'!$L$19 -> 1602949.1
A34: =B34&"-"&C34&"-"&D34&"-"&E34 -> 17-7-2024-3 | B34: =IFERROR(VLOOKUP($J$2,Aux!A:B,2,FALSE),"-") -> 17 | C34: 7 | D34: 2024 | E34: 3 | F34: ='Instrumento de Coleta - 24'!$L$22 -> 9867454.8
A35: =B35&"-"&C35&"-"&D35&"-"&E35 -> 17-8-2024-3 | B35: =IFERROR(VLOOKUP($J$2,Aux!A:B,2,FALSE),"-") -> 17 | C35: 8 | D35: 2024 | E35: 3 | F35: ='Instrumento de Coleta - 24'!$L$25 -> 287497.15
A36: =B36&"-"&C36&"-"&D36&"-"&E36 -> 17-9-2024-3 | B36: =IFERROR(VLOOKUP($J$2,Aux!A:B,2,FALSE),"-") -> 17 | C36: 9 | D36: 2024 | E36: 3 | F36: ='Instrumento de Coleta - 24'!$L$33 -> 3
A37: =B37&"-"&C37&"-"&D37&"-"&E37 -> 17-10-2024-3 | B37: =IFERROR(VLOOKUP($J$2,Aux!A:B,2,FALSE),"-") -> 17 | C37: 10 | D37: 2024 | E37: 3 | F37: ='Instrumento de Coleta - 24'!$L$34 -> 3
A38: =B38&"-"&C38&"-"&D38&"-"&E38 -> 17-16-2024-3 | B38: =IFERROR(VLOOKUP($J$2,Aux!A:B,2,FALSE),"-") -> 17 | C38: 16 | D38: 2024 | E38: 3 | F38: ='Instrumento de Coleta - 24'!$L$29 -> 20134
A39: =B39&"-"&C39&"-"&D39&"-"&E39 -> 17-17-2024-3 | B39: =IFERROR(VLOOKUP($J$2,Aux!A:B,2,FALSE),"-") -> 17 | C39: 17 | D39: 2024 | E39: 3 | F39: ='Instrumento de Coleta - 24'!$L$30 -> 85.75
A40: =B40&"-"&C40&"-"&D40&"-"&E40 -> 17-18-2024-3 | B40: =IFERROR(VLOOKUP($J$2,Aux!A:B,2,FALSE),"-") -> 17 | C40: 18 | D40: 2024 | E40: 3 | F40: ='Instrumento de Coleta - 24'!$L$31 -> 1891.88
A41: =B41&"-"&C41&"-"&D41&"-"&E41 -> 17-1-2024-4 | B41: =IFERROR(VLOOKUP($J$2,Aux!A:B,2,FALSE),"-") -> 17 | C41: 1 | D41: 2024 | E41: 4 | F41: ='Instrumento de Coleta - 24'!$M$9 -> 31283647
A42: =B42&"-"&C42&"-"&D42&"-"&E42 -> 17-2-2024-4 | B42: =IFERROR(VLOOKUP($J$2,Aux!A:B,2,FALSE),"-") -> 17 | C42: 2 | D42: 2024 | E42: 4 | F42: ='Instrumento de Coleta - 24'!$M$10 -> 41642721
A43: =B43&"-"&C43&"-"&D43&"-"&E43 -> 17-3-2024-4 | B43: =IFERROR(VLOOKUP($J$2,Aux!A:B,2,FALSE),"-") -> 17 | C43: 3 | D43: 2024 | E43: 4 | F43: ='Instrumento de Coleta - 24'!$M$13 -> 62
A44: =B44&"-"&C44&"-"&D44&"-"&E44 -> 17-4-2024-4 | B44: =IFERROR(VLOOKUP($J$2,Aux!A:B,2,FALSE),"-") -> 17 | C44: 4 | D44: 2024 | E44: 4 | F44: ='Instrumento de Coleta - 24'!$M$14 -> 3236
A45: =B45&"-"&C45&"-"&D45&"-"&E45 -> 17-5-2024-4 | B45: =IFERROR(VLOOKUP($J$2,Aux!A:B,2,FALSE),"-") -> 17 | C45: 5 | D45: 2024 | E45: 4 | F45: ='Instrumento de Coleta - 24'!$M$16 -> 431
A46: =B46&"-"&C46&"-"&D46&"-"&E46 -> 17-6-2024-4 | B46: =IFERROR(VLOOKUP($J$2,Aux!A:B,2,FALSE),"-") -> 17 | C46: 6 | D46: 2024 | E46: 4 | F46: ='Instrumento de Coleta - 24'!$M$19 -> 1538094.5
A47: =B47&"-"&C47&"-"&D47&"-"&E47 -> 17-7-2024-4 | B47: =IFERROR(VLOOKUP($J$2,Aux!A:B,2,FALSE),"-") -> 17 | C47: 7 | D47: 2024 | E47: 4 | F47: ='Instrumento de Coleta - 24'!$M$22 -> 8966258.2
A48: =B48&"-"&C48&"-"&D48&"-"&E48 -> 17-8-2024-4 | B48: =IFERROR(VLOOKUP($J$2,Aux!A:B,2,FALSE),"-") -> 17 | C48: 8 | D48: 2024 | E48: 4 | F48: ='Instrumento de Coleta - 24'!$M$25 -> 518456.56
A49: =B49&"-"&C49&"-"&D49&"-"&E49 -> 17-9-2024-4 | B49: =IFERROR(VLOOKUP($J$2,Aux!A:B,2,FALSE),"-") -> 17 | C49: 9 | D49: 2024 | E49: 4 | F49: ='Instrumento de Coleta - 24'!$M$33 -> 5
A50: =B50&"-"&C50&"-"&D50&"-"&E50 -> 17-10-2024-4 | B50: =IFERROR(VLOOKUP($J$2,Aux!A:B,2,FALSE),"-") -> 17 | C50: 10 | D50: 2024 | E50: 4 | F50: ='Instrumento de Coleta - 24'!$M$34 -> 5
A51: =B51&"-"&C51&"-"&D51&"-"&E51 -> 17-16-2024-4 | B51: =IFERROR(VLOOKUP($J$2,Aux!A:B,2,FALSE),"-") -> 17 | C51: 16 | D51: 2024 | E51: 4 | F51: ='Instrumento de Coleta - 24'!$M$29 -> 21538
A52: =B52&"-"&C52&"-"&D52&"-"&E52 -> 17-17-2024-4 | B52: =IFERROR(VLOOKUP($J$2,Aux!A:B,2,FALSE),"-") -> 17 | C52: 17 | D52: 2024 | E52: 4 | F52: ='Instrumento de Coleta - 24'!$M$30 -> 96.04
A53: =B53&"-"&C53&"-"&D53&"-"&E53 -> 17-18-2024-4 | B53: =IFERROR(VLOOKUP($J$2,Aux!A:B,2,FALSE),"-") -> 17 | C53: 18 | D53: 2024 | E53: 4 | F53: ='Instrumento de Coleta - 24'!$M$31 -> 1891.88
A54: =B54&"-"&C54&"-"&D54&"-"&E54 -> 17-1-2024-5 | B54: =IFERROR(VLOOKUP($J$2,Aux!A:B,2,FALSE),"-") -> 17 | C54: 1 | D54: 2024 | E54: 5 | F54: ='Instrumento de Coleta - 24'!$N$9 -> 31656023
A55: =B55&"-"&C55&"-"&D55&"-"&E55 -> 17-2-2024-5 | B55: =IFERROR(VLOOKUP($J$2,Aux!A:B,2,FALSE),"-") -> 17 | C55: 2 | D55: 2024 | E55: 5 | F55: ='Instrumento de Coleta - 24'!$N$10 -> 40533608
A56: =B56&"-"&C56&"-"&D56&"-"&E56 -> 17-3-2024-5 | B56: =IFERROR(VLOOKUP($J$2,Aux!A:B,2,FALSE),"-") -> 17 | C56: 3 | D56: 2024 | E56: 5 | F56: ='Instrumento de Coleta - 24'!$N$13 -> 54
A57: =B57&"-"&C57&"-"&D57&"-"&E57 -> 17-4-2024-5 | B57: =IFERROR(VLOOKUP($J$2,Aux!A:B,2,FALSE),"-") -> 17 | C57: 4 | D57: 2024 | E57: 5 | F57: ='Instrumento de Coleta - 24'!$N$14 -> 3254
A58: =B58&"-"&C58&"-"&D58&"-"&E58 -> 17-5-2024-5 | B58: =IFERROR(VLOOKUP($J$2,Aux!A:B,2,FALSE),"-") -> 17 | C58: 5 | D58: 2024 | E58: 5 | F58: ='Instrumento de Coleta - 24'!$N$16 -> 296
A59: =B59&"-"&C59&"-"&D59&"-"&E59 -> 17-6-2024-5 | B59: =IFERROR(VLOOKUP($J$2,Aux!A:B,2,FALSE),"-") -> 17 | C59: 6 | D59: 2024 | E59: 5 | F59: ='Instrumento de Coleta - 24'!$N$19 -> 1936741.5
A60: =B60&"-"&C60&"-"&D60&"-"&E60 -> 17-7-2024-5 | B60: =IFERROR(VLOOKUP($J$2,Aux!A:B,2,FALSE),"-") -> 17 | C60: 7 | D60: 2024 | E60: 5 | F60: ='Instrumento de Coleta - 24'!$N$22 -> 8882774.4
A61: =B61&"-"&C61&"-"&D61&"-"&E61 -> 17-8-2024-5 | B61: =IFERROR(VLOOKUP($J$2,Aux!A:B,2,FALSE),"-") -> 17 | C61: 8 | D61: 2024 | E61: 5 | F61: ='Instrumento de Coleta - 24'!$N$25 -> 256310.04
A62: =B62&"-"&C62&"-"&D62&"-"&E62 -> 17-9-2024-5 | B62: =IFERROR(VLOOKUP($J$2,Aux!A:B,2,FALSE),"-") -> 17 | C62: 9 | D62: 2024 | E62: 5 | F62: ='Instrumento de Coleta - 24'!$N$33 -> 3
A63: =B63&"-"&C63&"-"&D63&"-"&E63 -> 17-10-2024-5 | B63: =IFERROR(VLOOKUP($J$2,Aux!A:B,2,FALSE),"-") -> 17 | C63: 10 | D63: 2024 | E63: 5 | F63: ='Instrumento de Coleta - 24'!$N$34 -> 3
A64: =B64&"-"&C64&"-"&D64&"-"&E64 -> 17-16-2024-5 | B64: =IFERROR(VLOOKUP($J$2,Aux!A:B,2,FALSE),"-") -> 17 | C64: 16 | D64: 2024 | E64: 5 | F64: ='Instrumento de Coleta - 24'!$N$29 -> 20415
A65: =B65&"-"&C65&"-"&D65&"-"&E65 -> 17-17-2024-5 | B65: =IFERROR(VLOOKUP($J$2,Aux!A:B,2,FALSE),"-") -> 17 | C65: 17 | D65: 2024 | E65: 5 | F65: ='Instrumento de Coleta - 24'!$N$30 -> 62.72
A66: =B66&"-"&C66&"-"&D66&"-"&E66 -> 17-18-2024-5 | B66: =IFERROR(VLOOKUP($J$2,Aux!A:B,2,FALSE),"-") -> 17 | C66: 18 | D66: 2024 | E66: 5 | F66: ='Instrumento de Coleta - 24'!$N$31 -> 1891.88
A67: =B67&"-"&C67&"-"&D67&"-"&E67 -> 17-1-2024-6 | B67: =IFERROR(VLOOKUP($J$2,Aux!A:B,2,FALSE),"-") -> 17 | C67: 1 | D67: 2024 | E67: 6 | F67: ='Instrumento de Coleta - 24'!$O$9 -> 32516104
A68: =B68&"-"&C68&"-"&D68&"-"&E68 -> 17-2-2024-6 | B68: =IFERROR(VLOOKUP($J$2,Aux!A:B,2,FALSE),"-") -> 17 | C68: 2 | D68: 2024 | E68: 6 | F68: ='Instrumento de Coleta - 24'!$O$10 -> 43694131
A69: =B69&"-"&C69&"-"&D69&"-"&E69 -> 17-3-2024-6 | B69: =IFERROR(VLOOKUP($J$2,Aux!A:B,2,FALSE),"-") -> 17 | C69: 3 | D69: 2024 | E69: 6 | F69: ='Instrumento de Coleta - 24'!$O$13 -> 42
A70: =B70&"-"&C70&"-"&D70&"-"&E70 -> 17-4-2024-6 | B70: =IFERROR(VLOOKUP($J$2,Aux!A:B,2,FALSE),"-") -> 17 | C70: 4 | D70: 2024 | E70: 6 | F70: ='Instrumento de Coleta - 24'!$O$14 -> 3254
A71: =B71&"-"&C71&"-"&D71&"-"&E71 -> 17-5-2024-6 | B71: =IFERROR(VLOOKUP($J$2,Aux!A:B,2,FALSE),"-") -> 17 | C71: 5 | D71: 2024 | E71: 6 | F71: ='Instrumento de Coleta - 24'!$O$16 -> 156
A72: =B72&"-"&C72&"-"&D72&"-"&E72 -> 17-6-2024-6 | B72: =IFERROR(VLOOKUP($J$2,Aux!A:B,2,FALSE),"-") -> 17 | C72: 6 | D72: 2024 | E72: 6 | F72: ='Instrumento de Coleta - 24'!$O$19 -> 2869191.6
A73: =B73&"-"&C73&"-"&D73&"-"&E73 -> 17-7-2024-6 | B73: =IFERROR(VLOOKUP($J$2,Aux!A:B,2,FALSE),"-") -> 17 | C73: 7 | D73: 2024 | E73: 6 | F73: ='Instrumento de Coleta - 24'!$O$22 -> 10062534
A74: =B74&"-"&C74&"-"&D74&"-"&E74 -> 17-8-2024-6 | B74: =IFERROR(VLOOKUP($J$2,Aux!A:B,2,FALSE),"-") -> 17 | C74: 8 | D74: 2024 | E74: 6 | F74: ='Instrumento de Coleta - 24'!$O$25 -> 271918.49
A75: =B75&"-"&C75&"-"&D75&"-"&E75 -> 17-9-2024-6 | B75: =IFERROR(VLOOKUP($J$2,Aux!A:B,2,FALSE),"-") -> 17 | C75: 9 | D75: 2024 | E75: 6 | F75: ='Instrumento de Coleta - 24'!$O$33 -> 0
A76: =B76&"-"&C76&"-"&D76&"-"&E76 -> 17-10-2024-6 | B76: =IFERROR(VLOOKUP($J$2,Aux!A:B,2,FALSE),"-") -> 17 | C76: 10 | D76: 2024 | E76: 6 | F76: ='Instrumento de Coleta - 24'!$O$34 -> 0
A77: =B77&"-"&C77&"-"&D77&"-"&E77 -> 17-16-2024-6 | B77: =IFERROR(VLOOKUP($J$2,Aux!A:B,2,FALSE),"-") -> 17 | C77: 16 | D77: 2024 | E77: 6 | F77: ='Instrumento de Coleta - 24'!$O$29 -> 10255
A78: =B78&"-"&C78&"-"&D78&"-"&E78 -> 17-17-2024-6 | B78: =IFERROR(VLOOKUP($J$2,Aux!A:B,2,FALSE),"-") -> 17 | C78: 17 | D78: 2024 | E78: 6 | F78: ='Instrumento de Coleta - 24'!$O$30 -> 41.65
A79: =B79&"-"&C79&"-"&D79&"-"&E79 -> 17-18-2024-6 | B79: =IFERROR(VLOOKUP($J$2,Aux!A:B,2,FALSE),"-") -> 17 | C79: 18 | D79: 2024 | E79: 6 | F79: ='Instrumento de Coleta - 24'!$O$31 -> 1891.88
A80: =B80&"-"&C80&"-"&D80&"-"&E80 -> 17-1-2024-7 | B80: =IFERROR(VLOOKUP($J$2,Aux!A:B,2,FALSE),"-") -> 17 | C80: 1 | D80: 2024 | E80: 7 | F80: ='Instrumento de Coleta - 24'!$P$9 -> 30495136
A81: =B81&"-"&C81&"-"&D81&"-"&E81 -> 17-2-2024-7 | B81: =IFERROR(VLOOKUP($J$2,Aux!A:B,2,FALSE),"-") -> 17 | C81: 2 | D81: 2024 | E81: 7 | F81: ='Instrumento de Coleta - 24'!$P$10 -> 44315276
A82: =B82&"-"&C82&"-"&D82&"-"&E82 -> 17-3-2024-7 | B82: =IFERROR(VLOOKUP($J$2,Aux!A:B,2,FALSE),"-") -> 17 | C82: 3 | D82: 2024 | E82: 7 | F82: ='Instrumento de Coleta - 24'!$P$13 -> 49
A83: =B83&"-"&C83&"-"&D83&"-"&E83 -> 17-4-2024-7 | B83: =IFERROR(VLOOKUP($J$2,Aux!A:B,2,FALSE),"-") -> 17 | C83: 4 | D83: 2024 | E83: 7 | F83: ='Instrumento de Coleta - 24'!$P$14 -> 3222
A84: =B84&"-"&C84&"-"&D84&"-"&E84 -> 17-5-2024-7 | B84: =IFERROR(VLOOKUP($J$2,Aux!A:B,2,FALSE),"-") -> 17 | C84: 5 | D84: 2024 | E84: 7 | F84: ='Instrumento de Coleta - 24'!$P$16 -> 170
A85: =B85&"-"&C85&"-"&D85&"-"&E85 -> 17-6-2024-7 | B85: =IFERROR(VLOOKUP($J$2,Aux!A:B,2,FALSE),"-") -> 17 | C85: 6 | D85: 2024 | E85: 7 | F85: ='Instrumento de Coleta - 24'!$P$19 -> 5163519.3
A86: =B86&"-"&C86&"-"&D86&"-"&E86 -> 17-7-2024-7 | B86: =IFERROR(VLOOKUP($J$2,Aux!A:B,2,FALSE),"-") -> 17 | C86: 7 | D86: 2024 | E86: 7 | F86: ='Instrumento de Coleta - 24'!$P$22 -> 8117662.8
A87: =B87&"-"&C87&"-"&D87&"-"&E87 -> 17-8-2024-7 | B87: =IFERROR(VLOOKUP($J$2,Aux!A:B,2,FALSE),"-") -> 17 | C87: 8 | D87: 2024 | E87: 7 | F87: ='Instrumento de Coleta - 24'!$P$25 -> 306104.04
A88: =B88&"-"&C88&"-"&D88&"-"&E88 -> 17-9-2024-7 | B88: =IFERROR(VLOOKUP($J$2,Aux!A:B,2,FALSE),"-") -> 17 | C88: 9 | D88: 2024 | E88: 7 | F88: ='Instrumento de Coleta - 24'!$P$33 -> 0
A89: =B89&"-"&C89&"-"&D89&"-"&E89 -> 17-10-2024-7 | B89: =IFERROR(VLOOKUP($J$2,Aux!A:B,2,FALSE),"-") -> 17 | C89: 10 | D89: 2024 | E89: 7 | F89: ='Instrumento de Coleta - 24'!$P$34 -> 0
A90: =B90&"-"&C90&"-"&D90&"-"&E90 -> 17-16-2024-7 | B90: =IFERROR(VLOOKUP($J$2,Aux!A:B,2,FALSE),"-") -> 17 | C90: 16 | D90: 2024 | E90: 7 | F90: ='Instrumento de Coleta - 24'!$P$29 -> 15030
A91: =B91&"-"&C91&"-"&D91&"-"&E91 -> 17-17-2024-7 | B91: =IFERROR(VLOOKUP($J$2,Aux!A:B,2,FALSE),"-") -> 17 | C91: 17 | D91: 2024 | E91: 7 | F91: ='Instrumento de Coleta - 24'!$P$30 -> 37
A92: =B92&"-"&C92&"-"&D92&"-"&E92 -> 17-18-2024-7 | B92: =IFERROR(VLOOKUP($J$2,Aux!A:B,2,FALSE),"-") -> 17 | C92: 18 | D92: 2024 | E92: 7 | F92: ='Instrumento de Coleta - 24'!$P$31 -> 1891.88
A93: =B93&"-"&C93&"-"&D93&"-"&E93 -> 17-1-2024-8 | B93: =IFERROR(VLOOKUP($J$2,Aux!A:B,2,FALSE),"-") -> 17 | C93: 1 | D93: 2024 | E93: 8 | F93: ='Instrumento de Coleta - 24'!$Q$9 -> 32646646
A94: =B94&"-"&C94&"-"&D94&"-"&E94 -> 17-2-2024-8 | B94: =IFERROR(VLOOKUP($J$2,Aux!A:B,2,FALSE),"-") -> 17 | C94: 2 | D94: 2024 | E94: 8 | F94: ='Instrumento de Coleta - 24'!$Q$10 -> 47203252
A95: =B95&"-"&C95&"-"&D95&"-"&E95 -> 17-3-2024-8 | B95: =IFERROR(VLOOKUP($J$2,Aux!A:B,2,FALSE),"-") -> 17 | C95: 3 | D95: 2024 | E95: 8 | F95: ='Instrumento de Coleta - 24'!$Q$13 -> 43
A96: =B96&"-"&C96&"-"&D96&"-"&E96 -> 17-4-2024-8 | B96: =IFERROR(VLOOKUP($J$2,Aux!A:B,2,FALSE),"-") -> 17 | C96: 4 | D96: 2024 | E96: 8 | F96: ='Instrumento de Coleta - 24'!$Q$14 -> 3243
A97: =B97&"-"&C97&"-"&D97&"-"&E97 -> 17-5-2024-8 | B97: =IFERROR(VLOOKUP($J$2,Aux!A:B,2,FALSE),"-") -> 17 | C97: 5 | D97: 2024 | E97: 8 | F97: ='Instrumento de Coleta - 24'!$Q$16 -> 164
A98: =B98&"-"&C98&"-"&D98&"-"&E98 -> 17-6-2024-8 | B98: =IFERROR(VLOOKUP($J$2,Aux!A:B,2,FALSE),"-") -> 17 | C98: 6 | D98: 2024 | E98: 8 | F98: ='Instrumento de Coleta - 24'!$Q$19 -> 18954834
A99: =B99&"-"&C99&"-"&D99&"-"&E99 -> 17-7-2024-8 | B99: =IFERROR(VLOOKUP($J$2,Aux!A:B,2,FALSE),"-") -> 17 | C99: 7 | D99: 2024 | E99: 8 | F99: ='Instrumento de Coleta - 24'!$Q$22 -> 8339552.9
A100: =B100&"-"&C100&"-"&D100&"-"&E100 -> 17-8-2024-8 | B100: =IFERROR(VLOOKUP($J$2,Aux!A:B,2,FALSE),"-") -> 17 | C100: 8 | D100: 2024 | E100: 8 | F100: ='Instrumento de Coleta - 24'!$Q$25 -> 282667.07
...

Sheet Instrumento de Coleta - 25
B2: Ciclo do Planejamento Estratégico do Sesc 2022-2026
B4: Coleta de Resultados
B6: * Os campos em cinza são de preenchimento automático
B7: Objetivo Estratégico | C7: Indicador | D7: Fórmula | E7: Meta 2025 | F7: Meta 2024 Retif. em 2024 | G7: Resultado Acumulado | H7: Comentários sobre o resultado do mês no Departamento Regional | I7: Variáveis | J7: Janeiro | K7: Fevereiro | L7: Março | M7: Abril | N7: Maio | O7: Junho | P7: Julho | Q7: Agosto | R7: Setembro | S7: Outubro | T7: Novembro | U7: Dezembro
B9: Assegurar o equilíbrio econômico financeiro da Instituição | C9: Índice de comprometimento da receita corrente (ICRR) | D9: (Despesas Correntes / Receitas Correntes) * 100 | E9: 0.841 | F9: 0.808 | G9: =IFERROR(SUM(J9:U9)/SUM(J10:U10),"-") -> 0.61223097 | I9: Despesas Correntes | J9: 29086872 | K9: - | L9: - | M9: - | N9: - | O9: - | P9: - | Q9: - | R9: - | S9: - | T9: - | U9: -
I10: Receitas Correntes | J10: 47509639 | K10: - | L10: - | M10: - | N10: - | O10: - | P10: - | Q10: - | R10: - | S10: - | T10: - | U10: -
I11: % | J11: =IFERROR(J9/J10,"-") -> 0.61223097 | K11: =IFERROR(K9/K10,"-") -> - | L11: =IFERROR(L9/L10,"-") -> - | M11: =IFERROR(M9/M10,"-") -> - | N11: =IFERROR(N9/N10,"-") -> - | O11: =IFERROR(O9/O10,"-") -> - | P11: =IFERROR(P9/P10,"-") -> - | Q11: =IFERROR(Q9/Q10,"-") -> - | ... U11: =IFERROR(U9/U10,"-") -> -
B13: Proporcionar ambiente de valorização das pessoas | C13: Índice de Demissões Voluntárias (IDV) | D13: (Demissões voluntárias / Total de empregados no período de referência) * 100 | E13: 0.183 | F13: 0.191 | G13: =IFERROR(IFERROR(SUM(J13:U13)/INDEX(J14:U14,1,MATCH("-",J14:U14,0)-1),SUM(J13:U13)/U14),"-") -> 0.0099317194 | I13: Demissões voluntárias | J13: 32 | K13: - | L13: - | M13: - | N13: - | O13: - | P13: - | Q13: - | R13: - | S13: - | T13: - | U13: -
I14: Total de empregados no período de referência | J14: 3222 | K14: - | L14: - | M14: - | N14: - | O14: - | P14: - | Q14: - | R14: - | S14: - | T14: - | U14: -
I15: % | J15: =IFERROR(J13/J14,"-") -> 0.0099317194 | K15: =IFERROR(K13/K14,"-") -> - | L15: =IFERROR(L13/L14,"-") -> - | M15: =IFERROR(M13/M14,"-") -> - | N15: =IFERROR(N13/N14,"-") -> - | O15: =IFERROR(O13/O14,"-") -> - | P15: =IFERROR(P13/P14,"-") -> - | Q15: =IFERROR(Q13/Q14,"-") -> - | ... U15: =IFERROR(U13/U14,"-") -> -
B16: Promover ações de desenvolvimento | C16: Índice de Empregados Treinados (IET) | D16: (Nº de empregados que participaram das ações de desenvolvimento / Nº total de empregados) * 100 | E16: 0.95 | F16: 0.97 | G16: =IFERROR(IFERROR(SUM(J16:U16)/INDEX(J17:U17,1,MATCH("-",J17:U17,0)-1),SUM(J16:U16)/U17),"-") -> 0.03786468 | I16: Nº de empregados que participaram das ações de desenvolvimento | J16: 122 | K16: - | L16: - | M16: - | N16: - | O16: - | P16: - | Q16: - | R16: - | S16: - | T16: - | U16: -
I17: Nº total de empregados | J17: =J14 -> 3222 | K17: =K14 -> - | L17: =L14 -> - | M17: =M14 -> - | N17: =N14 -> - | O17: =O14 -> - | P17: =P14 -> - | Q17: =Q14 -> - | ... U17: =U14 -> -
I18: % | J18: =IFERROR(J16/J17,"-") -> 0.03786468 | K18: =IFERROR(K16/K17,"-") -> - | L18: =IFERROR(L16/L17,"-") -> - | M18: =IFERROR(M16/M17,"-") -> - | N18: =IFERROR(N16/N17,"-") -> - | O18: =IFERROR(O16/O17,"-") -> - | P18: =IFERROR(P16/P17,"-") -> - | Q18: =IFERROR(Q16/Q17,"-") -> - | ... U18: =IFERROR(U16/U17,"-") -> -
B19: Assegurar a funcionalidade da infraestrutura para o desenvolvimento das ações | C19: Índice de Investimentos Realizados em Infraestrutura (IIRI) | D19: (Despesas de capital / Receitas Correntes) * 100 | E19: 0.159 | F19: 0.193 | G19: =IFERROR(SUM(J19:U19)/SUM(J20:U20),"-") -> 0.4677863 | I19: Despesas de Capital | J19: 22224358 | K19: - | L19: - | M19: - | N19: - | O19: - | P19: - | Q19: - | R19: - | S19: - | T19: - | U19: -
I20: Receitas Correntes | J20: =IF(J10=0,"-",J10) -> 47509639 | K20: =IF(K10=0,"-",K10) -> - | L20: =IF(L10=0,"-",L10) -> - | M20: =IF(M10=0,"-",M10) -> - | N20: =IF(N10=0,"-",N10) -> - | O20: =IF(O10=0,"-",O10) -> - | P20: =IF(P10=0,"-",P10) -> - | Q20: =IF(Q10=0,"-",Q10) -> - | ... U20: =IF(U10=0,"-",U10) -> -
I21: % | J21: =IFERROR(J19/J20,"-") -> 0.4677863 | K21: =IFERROR(K19/K20,"-") -> - | L21: =IFERROR(L19/L20,"-") -> - | M21: =IFERROR(M19/M20,"-") -> - | N21: =IFERROR(N19/N20,"-") -> - | O21: =IFERROR(O19/O20,"-") -> - | P21: =IFERROR(P19/P20,"-") -> - | Q21: =IFERROR(Q19/Q20,"-") -> - | ... U21: =IFERROR(U19/U20,"-") -> -
C22: Índice de Recursos Financeiros Alocados em Manutenção (IRFM) | D22: (Despesas correntes de manutenção / Receitas Correntes) * 100 | E22: 0.179 | F22: 0.231 | G22: =IFERROR(SUM(J22:U22)/SUM(J23:U23),"-") -> 0 | I22: Despesas correntes de manutenção | J22: - | K22: - | L22: - | M22: - | N22: - | O22: - | P22: - | Q22: - | R22: - | S22: - | T22: - | U22: -
I23: Receitas Correntes | J23: =IF(J10=0,"-",J10) -> 47509639 | K23: =IF(K10=0,"-",K10) -> - | L23: =IF(L10=0,"-",L10) -> - | M23: =IF(M10=0,"-",M10) -> - | N23: =IF(N10=0,"-",N10) -> - | O23: =IF(O10=0,"-",O10) -> - | P23: =IF(P10=0,"-",P10) -> - | Q23: =IF(Q10=0,"-",Q10) -> - | ... U23: =IF(U10=0,"-",U10) -> -
I24: % | J24: =IFERROR(J22/J23,"-") -> - | K24: =IFERROR(K22/K23,"-") -> - | L24: =IFERROR(L22/L23,"-") -> - | M24: =IFERROR(M22/M23,"-") -> - | N24: =IFERROR(N22/N23,"-") -> - | O24: =IFERROR(O22/O23,"-") -> - | P24: =IFERROR(P22/P23,"-") -> - | Q24: =IFERROR(Q22/Q23,"-") -> - | ... U24: =IFERROR(U22/U23,"-") -> -
B25: Aprimorar soluções de tecnologia da informação e comunicação (TIC) | C25: Índice de Recursos Financeiros Alocados em Tecnologia da Informação e Comunicação (IRFT) | D25: (Despesas com TIC / Receitas correntes) * 100 | E25: 0.01 | F25: 0.009 | G25: =IFERROR(SUM(J25:U25)/SUM(J26:U26),"-") -> 0 | I25: Despesas com TIC | J25: - | K25: - | L25: - | M25: - | N25: - | O25: - | P25: - | Q25: - | R25: - | S25: - | T25: - | U25: -
I26: Receitas correntes | J26: =IF(J10=0,"-",J10) -> 47509639 | K26: =IF(K10=0,"-",K10) -> - | L26: =IF(L10=0,"-",L10) -> - | M26: =IF(M10=0,"-",M10) -> - | N26: =IF(N10=0,"-",N10) -> - | O26: =IF(O10=0,"-",O10) -> - | P26: =IF(P10=0,"-",P10) -> - | Q26: =IF(Q10=0,"-",Q10) -> - | ... U26: =IF(U10=0,"-",U10) -> -
I27: % | J27: =IFERROR(J25/J26,"-") -> - | K27: =IFERROR(K25/K26,"-") -> - | L27: =IFERROR(L25/L26,"-") -> - | M27: =IFERROR(M25/M26,"-") -> - | N27: =IFERROR(N25/N26,"-") -> - | O27: =IFERROR(O25/O26,"-") -> - | P27: =IFERROR(P25/P26,"-") -> - | Q27: =IFERROR(Q25/Q26,"-") -> - | ... U27: =IFERROR(U25/U26,"-") -> -
B29: Garantir parâmetros de sustentabilidade na gestão dos processos | C29: Índice de Ecoeficiência (IECO) | D29: [(energia kWh / 100) + água m3] / área total ou construída m2 | E29: 1.559 | F29: - | G29: =IFERROR(IFERROR(((SUM(J29:U29)/100)+SUM(J30:U30))/INDEX(J31:U31,1,MATCH("-",J31:U31,0)-1),((SUM(J29:U29)/100)+SUM(J30:U30))/U31),"-") -> 0.11585301 | I29: Energia kWh - Registradas em cada mês | J29: 12518 | K29: - | L29: - | M29: - | N29: - | O29: - | P29: - | Q29: - | R29: - | S29: - | T29: - | U29: -
I30: Água m3 - Registradas em cada mês | J30: 94 | K30: - | L30: - | M30: - | N30: - | O30: - | P30: - | Q30: - | R30: - | S30: - | T30: - | U30: -
I31: Área total ou construída m2 | J31: 1891.88 | K31: - | L31: - | M31: - | N31: - | O31: - | P31: - | Q31: - | R31: - | S31: - | T31: - | U31: -
I32: Índice | J32: =IFERROR(((J29/100)+J30)/J31,"-") -> 0.11585301 | K32: =IFERROR(((K29/100)+K30)/K31,"-") -> - | L32: =IFERROR(((L29/100)+L30)/L31,"-") -> - | M32: =IFERROR(((M29/100)+M30)/M31,"-") -> - | N32: =IFERROR(((N29/100)+N30)/N31,"-") -> - | O32: =IFERROR(((O29/100)+O30)/O31,"-") -> - | P32: =IFERROR(((P29/100)+P30)/P31,"-") -> - | Q32: =IFERROR(((Q29/100)+Q30)/Q31,"-") -> - | ... U32: =IFERROR(((U29/100)+U30)/U31,"-") -> -
B33: Articular e fortalecer projetos em rede | C33: Índice de Ações em Rede Implementadas (IARI) | D33: (Ações em rede realizadas / Ações em redes planejadas) * 100 | F33: - | G33: =IFERROR(SUM(J33:U33)/SUM(J34:U34),"-") -> 1 | I33: Ações em rede realizadas | J33: 6 | K33: - | L33: - | M33: - | N33: - | O33: - | P33: - | Q33: - | R33: - | S33: - | T33: - | U33: -
I34: Ações em redes planejadas | J34: 6 | K34: - | L34: - | M34: - | N34: - | O34: - | P34: - | Q34: - | R34: - | S34: - | T34: - | U34: -
I35: % | J35: =IFERROR(J33/J34,"-") -> 1 | K35: =IFERROR(K33/K34,"-") -> - | L35: =IFERROR(L33/L34,"-") -> - | M35: =IFERROR(M33/M34,"-") -> - | N35: =IFERROR(N33/N34,"-") -> - | O35: =IFERROR(O33/O34,"-") -> - | P35: =IFERROR(P33/P34,"-") -> - | Q35: =IFERROR(Q33/Q34,"-") -> - | ... U35: =IFERROR(U33/U34,"-") -> -
B36: Fortalecer o reconhecimento do Sesc | C36: Índice de Reconhecimento do Sesc pelos Clientes e Sociedade como Instituição Social de relevância (IRS) | D36: (Total de respostas bom e ótimo / Total de respostas) * 100 | E36: % | G36: Bianual | H36: - | I36: Total de respostas bom e ótimo | J36: - | K36: - | L36: - | M36: - | N36: - | O36: - | P36: - | Q36: - | R36: - | S36: - | T36: - | U36: -
I37: Total de respostas | J37: - | K37: - | L37: - | M37: - | N37: - | O37: - | P37: - | Q37: - | R37: - | S37: - | T37: - | U37: -
I38: % | J38: - | K38: - | L38: - | M38: - | N38: - | O38: - | P38: - | Q38: - | R38: - | S38: - | T38: - | U38: -

Sheet Base - 25
A1: CHAVE | B1: COD_DP | C1: COD_VAR | D1: ANO | E1: Mês | F1: RESULTADO | J1: Selecione o Departamento Regional
A2: =B2&"-"&C2&"-"&D2&"-"&E2 -> 17-1-2025-1 | B2: =IFERROR(VLOOKUP($J$2,Aux!A:B,2,FALSE),"-") -> 17 | C2: 1 | D2: 2025 | E2: 1 | F2: ='Instrumento de Coleta - 25'!$J$9 -> 29086872 | J2: SC
A3: =B3&"-"&C3&"-"&D3&"-"&E3 -> 17-2-2025-1 | B3: =IFERROR(VLOOKUP($J$2,Aux!A:B,2,FALSE),"-") -> 17 | C3: 2 | D3: 2025 | E3: 1 | F3: ='Instrumento de Coleta - 25'!$J$10 -> 47509639
A4: =B4&"-"&C4&"-"&D4&"-"&E4 -> 17-3-2025-1 | B4: =IFERROR(VLOOKUP($J$2,Aux!A:B,2,FALSE),"-") -> 17 | C4: 3 | D4: 2025 | E4: 1 | F4: ='Instrumento de Coleta - 25'!$J$13 -> 32
A5: =B5&"-"&C5&"-"&D5&"-"&E5 -> 17-4-2025-1 | B5: =IFERROR(VLOOKUP($J$2,Aux!A:B,2,FALSE),"-") -> 17 | C5: 4 | D5: 2025 | E5: 1 | F5: ='Instrumento de Coleta - 25'!$J$14 -> 3222
A6: =B6&"-"&C6&"-"&D6&"-"&E6 -> 17-5-2025-1 | B6: =IFERROR(VLOOKUP($J$2,Aux!A:B,2,FALSE),"-") -> 17 | C6: 5 | D6: 2025 | E6: 1 | F6: ='Instrumento de Coleta - 25'!$J$16 -> 122
A7: =B7&"-"&C7&"-"&D7&"-"&E7 -> 17-6-2025-1 | B7: =IFERROR(VLOOKUP($J$2,Aux!A:B,2,FALSE),"-") -> 17 | C7: 6 | D7: 2025 | E7: 1 | F7: ='Instrumento de Coleta - 25'!$J$19 -> 22224358
A8: =B8&"-"&C8&"-"&D8&"-"&E8 -> 17-7-2025-1 | B8: =IFERROR(VLOOKUP($J$2,Aux!A:B,2,FALSE),"-") -> 17 | C8: 7 | D8: 2025 | E8: 1 | F8: ='Instrumento de Coleta - 25'!$J$22 -> -
A9: =B9&"-"&C9&"-"&D9&"-"&E9 -> 17-8-2025-1 | B9: =IFERROR(VLOOKUP($J$2,Aux!A:B,2,FALSE),"-") -> 17 | C9: 8 | D9: 2025 | E9: 1 | F9: ='Instrumento de Coleta - 25'!$J$25 -> -
A10: =B10&"-"&C10&"-"&D10&"-"&E10 -> 17-9-2025-1 | B10: =IFERROR(VLOOKUP($J$2,Aux!A:B,2,FALSE),"-") -> 17 | C10: 9 | D10: 2025 | E10: 1 | F10: ='Instrumento de Coleta - 25'!$J$33 -> 6
A11: =B11&"-"&C11&"-"&D11&"-"&E11 -> 17-10-2025-1 | B11: =IFERROR(VLOOKUP($J$2,Aux!A:B,2,FALSE),"-") -> 17 | C11: 10 | D11: 2025 | E11: 1 | F11: ='Instrumento de Coleta - 25'!$J$34 -> 6
A12: =B12&"-"&C12&"-"&D12&"-"&E12 -> 17-16-2025-1 | B12: =IFERROR(VLOOKUP($J$2,Aux!A:B,2,FALSE),"-") -> 17 | C12: 16 | D12: 2025 | E12: 1 | F12: ='Instrumento de Coleta - 25'!$J$29 -> 12518
A13: =B13&"-"&C13&"-"&D13&"-"&E13 -> 17-17-2025-1 | B13: =IFERROR(VLOOKUP($J$2,Aux!A:B,2,FALSE),"-") -> 17 | C13: 17 | D13: 2025 | E13: 1 | F13: ='Instrumento de Coleta - 25'!$J$30 -> 94
A14: =B14&"-"&C14&"-"&D14&"-"&E14 -> 17-18-2025-1 | B14: =IFERROR(VLOOKUP($J$2,Aux!A:B,2,FALSE),"-") -> 17 | C14: 18 | D14: 2025 | E14: 1 | F14: ='Instrumento de Coleta - 25'!$J$31 -> 1891.88
A15: =B15&"-"&C15&"-"&D15&"-"&E15 -> 17-1-2025-2 | B15: =IFERROR(VLOOKUP($J$2,Aux!A:B,2,FALSE),"-") -> 17 | C15: 1 | D15: 2025 | E15: 2 | F15: ='Instrumento de Coleta - 25'!$K$9 -> -
A16: =B16&"-"&C16&"-"&D16&"-"&E16 -> 17-2-2025-2 | B16: =IFERROR(VLOOKUP($J$2,Aux!A:B,2,FALSE),"-") -> 17 | C16: 2 | D16: 2025 | E16: 2 | F16: ='Instrumento de Coleta - 25'!$K$10 -> -
A17: =B17&"-"&C17&"-"&D17&"-"&E17 -> 17-3-2025-2 | B17: =IFERROR(VLOOKUP($J$2,Aux!A:B,2,FALSE),"-") -> 17 | C17: 3 | D17: 2025 | E17: 2 | F17: ='Instrumento de Coleta - 25'!$K$13 -> -
A18: =B18&"-"&C18&"-"&D18&"-"&E18 -> 17-4-2025-2 | B18: =IFERROR(VLOOKUP($J$2,Aux!A:B,2,FALSE),"-") -> 17 | C18: 4 | D18: 2025 | E18: 2 | F18: ='Instrumento de Coleta - 25'!$K$14 -> -
A19: =B19&"-"&C19&"-"&D19&"-"&E19 -> 17-5-2025-2 | B19: =IFERROR(VLOOKUP($J$2,Aux!A:B,2,FALSE),"-") -> 17 | C19: 5 | D19: 2025 | E19: 2 | F19: ='Instrumento de Coleta - 25'!$K$16 -> -
A20: =B20&"-"&C20&"-"&D20&"-"&E20 -> 17-6-2025-2 | B20: =IFERROR(VLOOKUP($J$2,Aux!A:B,2,FALSE),"-") -> 17 | C20: 6 | D20: 2025 | E20: 2 | F20: ='Instrumento de Coleta - 25'!$K$19 -> -
A21: =B21&"-"&C21&"-"&D21&"-"&E21 -> 17-7-2025-2 | B21: =IFERROR(VLOOKUP($J$2,Aux!A:B,2,FALSE),"-") -> 17 | C21: 7 | D21: 2025 | E21: 2 | F21: ='Instrumento de Coleta - 25'!$K$22 -> -
A22: =B22&"-"&C22&"-"&D22&"-"&E22 -> 17-8-2025-2 | B22: =IFERROR(VLOOKUP($J$2,Aux!A:B,2,FALSE),"-") -> 17 | C22: 8 | D22: 2025 | E22: 2 | F22: ='Instrumento de Coleta - 25'!$K$25 -> -
A23: =B23&"-"&C23&"-"&D23&"-"&E23 -> 17-9-2025-2 | B23: =IFERROR(VLOOKUP($J$2,Aux!A:B,2,FALSE),"-") -> 17 | C23: 9 | D23: 2025 | E23: 2 | F23: ='Instrumento de Coleta - 25'!$K$33 -> -
A24: =B24&"-"&C24&"-"&D24&"-"&E24 -> 17-10-2025-2 | B24: =IFERROR(VLOOKUP($J$2,Aux!A:B,2,FALSE),"-") -> 17 | C24: 10 | D24: 2025 | E24: 2 | F24: ='Instrumento de Coleta - 25'!$K$34 -> -
A25: =B25&"-"&C25&"-"&D25&"-"&E25 -> 17-16-2025-2 | B25: =IFERROR(VLOOKUP($J$2,Aux!A:B,2,FALSE),"-") -> 17 | C25: 16 | D25: 2025 | E25: 2 | F25: ='Instrumento de Coleta - 25'!$K$29 -> -
A26: =B26&"-"&C26&"-"&D26&"-"&E26 -> 17-17-2025-2 | B26: =IFERROR(VLOOKUP($J$2,Aux!A:B,2,FALSE),"-") -> 17 | C26: 17 | D26: 2025 | E26: 2 | F26: ='Instrumento de Coleta - 25'!$K$30 -> -
A27: =B27&"-"&C27&"-"&D27&"-"&E27 -> 17-18-2025-2 | B27: =IFERROR(VLOOKUP($J$2,Aux!A:B,2,FALSE),"-") -> 17 | C27: 18 | D27: 2025 | E27: 2 | F27: ='Instrumento de Coleta - 25'!$K$31 -> -
A28: =B28&"-"&C28&"-"&D28&"-"&E28 -> 17-1-2025-3 | B28: =IFERROR(VLOOKUP($J$2,Aux!A:B,2,FALSE),"-") -> 17 | C28: 1 | D28: 2025 | E28: 3 | F28: ='Instrumento de Coleta - 25'!$L$9 -> -
A29: =B29&"-"&C29&"-"&D29&"-"&E29 -> 17-2-2025-3 | B29: =IFERROR(VLOOKUP($J$2,Aux!A:B,2,FALSE),"-") -> 17 | C29: 2 | D29: 2025 | E29: 3 | F29: ='Instrumento de Coleta - 25'!$L$10 -> -
A30: =B30&"-"&C30&"-"&D30&"-"&E30 -> 17-3-2025-3 | B30: =IFERROR(VLOOKUP($J$2,Aux!A:B,2,FALSE),"-") -> 17 | C30: 3 | D30: 2025 | E30: 3 | F30: ='Instrumento de Coleta - 25'!$L$13 -> -
A31: =B31&"-"&C31&"-"&D31&"-"&E31 -> 17-4-2025-3 | B31: =IFERROR(VLOOKUP($J$2,Aux!A:B,2,FALSE),"-") -> 17 | C31: 4 | D31: 2025 | E31: 3 | F31: ='Instrumento de Coleta - 25'!$L$14 -> -
A32: =B32&"-"&C32&"-"&D32&"-"&E32 -> 17-5-2025-3 | B32: =IFERROR(VLOOKUP($J$2,Aux!A:B,2,FALSE),"-") -> 17 | C32: 5 | D32: 2025 | E32: 3 | F32: ='Instrumento de Coleta - 25'!$L$16 -> -
A33: =B33&"-"&C33&"-"&D33&"-"&E33 -> 17-6-2025-3 | B33: =IFERROR(VLOOKUP($J$2,Aux!A:B,2,FALSE),"-") -> 17 | C33: 6 | D33: 2025 | E33: 3 | F33: ='Instrumento de Coleta - 25'!$L$19 -> -
A34: =B34&"-"&C34&"-"&D34&"-"&E34 -> 17-7-2025-3 | B34: =IFERROR(VLOOKUP($J$2,Aux!A:B,2,FALSE),"-") -> 17 | C34: 7 | D34: 2025 | E34: 3 | F34: ='Instrumento de Coleta - 25'!$L$22 -> -
A35: =B35&"-"&C35&"-"&D35&"-"&E35 -> 17-8-2025-3 | B35: =IFERROR(VLOOKUP($J$2,Aux!A:B,2,FALSE),"-") -> 17 | C35: 8 | D35: 2025 | E35: 3 | F35: ='Instrumento de Coleta - 25'!$L$25 -> -
A36: =B36&"-"&C36&"-"&D36&"-"&E36 -> 17-9-2025-3 | B36: =IFERROR(VLOOKUP($J$2,Aux!A:B,2,FALSE),"-") -> 17 | C36: 9 | D36: 2025 | E36: 3 | F36: ='Instrumento de Coleta - 25'!$L$33 -> -
A37: =B37&"-"&C37&"-"&D37&"-"&E37 -> 17-10-2025-3 | B37: =IFERROR(VLOOKUP($J$2,Aux!A:B,2,FALSE),"-") -> 17 | C37: 10 | D37: 2025 | E37: 3 | F37: ='Instrumento de Coleta - 25'!$L$34 -> -
A38: =B38&"-"&C38&"-"&D38&"-"&E38 -> 17-16-2025-3 | B38: =IFERROR(VLOOKUP($J$2,Aux!A:B,2,FALSE),"-") -> 17 | C38: 16 | D38: 2025 | E38: 3 | F38: ='Instrumento de Coleta - 25'!$L$29 -> -
A39: =B39&"-"&C39&"-"&D39&"-"&E39 -> 17-17-2025-3 | B39: =IFERROR(VLOOKUP($J$2,Aux!A:B,2,FALSE),"-") -> 17 | C39: 17 | D39: 2025 | E39: 3 | F39: ='Instrumento de Coleta - 25'!$L$30 -> -
A40: =B40&"-"&C40&"-"&D40&"-"&E40 -> 17-18-2025-3 | B40: =IFERROR(VLOOKUP($J$2,Aux!A:B,2,FALSE),"-") -> 17 | C40: 18 | D40: 2025 | E40: 3 | F40: ='Instrumento de Coleta - 25'!$L$31 -> -
A41: =B41&"-"&C41&"-"&D41&"-"&E41 -> 17-1-2025-4 | B41: =IFERROR(VLOOKUP($J$2,Aux!A:B,2,FALSE),"-") -> 17 | C41: 1 | D41: 2025 | E41: 4 | F41: ='Instrumento de Coleta - 25'!$M$9 -> -
A42: =B42&"-"&C42&"-"&D42&"-"&E42 -> 17-2-2025-4 | B42: =IFERROR(VLOOKUP($J$2,Aux!A:B,2,FALSE),"-") -> 17 | C42: 2 | D42: 2025 | E42: 4 | F42: ='Instrumento de Coleta - 25'!$M$10 -> -
A43: =B43&"-"&C43&"-"&D43&"-"&E43 -> 17-3-2025-4 | B43: =IFERROR(VLOOKUP($J$2,Aux!A:B,2,FALSE),"-") -> 17 | C43: 3 | D43: 2025 | E43: 4 | F43: ='Instrumento de Coleta - 25'!$M$13 -> -
A44: =B44&"-"&C44&"-"&D44&"-"&E44 -> 17-4-2025-4 | B44: =IFERROR(VLOOKUP($J$2,Aux!A:B,2,FALSE),"-") -> 17 | C44: 4 | D44: 2025 | E44: 4 | F44: ='Instrumento de Coleta - 25'!$M$14 -> -
A45: =B45&"-"&C45&"-"&D45&"-"&E45 -> 17-5-2025-4 | B45: =IFERROR(VLOOKUP($J$2,Aux!A:B,2,FALSE),"-") -> 17 | C45: 5 | D45: 2025 | E45: 4 | F45: ='Instrumento de Coleta - 25'!$M$16 -> -
A46: =B46&"-"&C46&"-"&D46&"-"&E46 -> 17-6-2025-4 | B46: =IFERROR(VLOOKUP($J$2,Aux!A:B,2,FALSE),"-") -> 17 | C46: 6 | D46: 2025 | E46: 4 | F46: ='Instrumento de Coleta - 25'!$M$19 -> -
A47: =B47&"-"&C47&"-"&D47&"-"&E47 -> 17-7-2025-4 | B47: =IFERROR(VLOOKUP($J$2,Aux!A:B,2,FALSE),"-") -> 17 | C47: 7 | D47: 2025 | E47: 4 | F47: ='Instrumento de Coleta - 25'!$M$22 -> -
A48: =B48&"-"&C48&"-"&D48&"-"&E48 -> 17-8-2025-4 | B48: =IFERROR(VLOOKUP($J$2,Aux!A:B,2,FALSE),"-") -> 17 | C48: 8 | D48: 2025 | E48: 4 | F48: ='Instrumento de Coleta - 25'!$M$25 -> -
A49: =B49&"-"&C49&"-"&D49&"-"&E49 -> 17-9-2025-4 | B49: =IFERROR(VLOOKUP($J$2,Aux!A:B,2,FALSE),"-") -> 17 | C49: 9 | D49: 2025 | E49: 4 | F49: ='Instrumento de Coleta - 25'!$M$33 -> -
A50: =B50&"-"&C50&"-"&D50&"-"&E50 -> 17-10-2025-4 | B50: =IFERROR(VLOOKUP($J$2,Aux!A:B,2,FALSE),"-") -> 17 | C50: 10 | D50: 2025 | E50: 4 | F50: ='Instrumento de Coleta - 25'!$M$34 -> -
A51: =B51&"-"&C51&"-"&D51&"-"&E51 -> 17-16-2025-4 | B51: =IFERROR(VLOOKUP($J$2,Aux!A:B,2,FALSE),"-") -> 17 | C51: 16 | D51: 2025 | E51: 4 | F51: ='Instrumento de Coleta - 25'!$M$29 -> -
A52: =B52&"-"&C52&"-"&D52&"-"&E52 -> 17-17-2025-4 | B52: =IFERROR(VLOOKUP($J$2,Aux!A:B,2,FALSE),"-") -> 17 | C52: 17 | D52: 2025 | E52: 4 | F52: ='Instrumento de Coleta - 25'!$M$30 -> -
A53: =B53&"-"&C53&"-"&D53&"-"&E53 -> 17-18-2025-4 | B53: =IFERROR(VLOOKUP($J$2,Aux!A:B,2,FALSE),"-") -> 17 | C53: 18 | D53: 2025 | E53: 4 | F53: ='Instrumento de Coleta - 25'!$M$31 -> -
A54: =B54&"-"&C54&"-"&D54&"-"&E54 -> 17-1-2025-5 | B54: =IFERROR(VLOOKUP($J$2,Aux!A:B,2,FALSE),"-") -> 17 | C54: 1 | D54: 2025 | E54: 5 | F54: ='Instrumento de Coleta - 25'!$N$9 -> -
A55: =B55&"-"&C55&"-"&D55&"-"&E55 -> 17-2-2025-5 | B55: =IFERROR(VLOOKUP($J$2,Aux!A:B,2,FALSE),"-") -> 17 | C55: 2 | D55: 2025 | E55: 5 | F55: ='Instrumento de Coleta - 25'!$N$10 -> -
A56: =B56&"-"&C56&"-"&D56&"-"&E56 -> 17-3-2025-5 | B56: =IFERROR(VLOOKUP($J$2,Aux!A:B,2,FALSE),"-") -> 17 | C56: 3 | D56: 2025 | E56: 5 | F56: ='Instrumento de Coleta - 25'!$N$13 -> -
A57: =B57&"-"&C57&"-"&D57&"-"&E57 -> 17-4-2025-5 | B57: =IFERROR(VLOOKUP($J$2,Aux!A:B,2,FALSE),"-") -> 17 | C57: 4 | D57: 2025 | E57: 5 | F57: ='Instrumento de Coleta - 25'!$N$14 -> -
A58: =B58&"-"&C58&"-"&D58&"-"&E58 -> 17-5-2025-5 | B58: =IFERROR(VLOOKUP($J$2,Aux!A:B,2,FALSE),"-") -> 17 | C58: 5 | D58: 2025 | E58: 5 | F58: ='Instrumento de Coleta - 25'!$N$16 -> -
A59: =B59&"-"&C59&"-"&D59&"-"&E59 -> 17-6-2025-5 | B59: =IFERROR(VLOOKUP($J$2,Aux!A:B,2,FALSE),"-") -> 17 | C59: 6 | D59: 2025 | E59: 5 | F59: ='Instrumento de Coleta - 25'!$N$19 -> -
A60: =B60&"-"&C60&"-"&D60&"-"&E60 -> 17-7-2025-5 | B60: =IFERROR(VLOOKUP($J$2,Aux!A:B,2,FALSE),"-") -> 17 | C60: 7 | D60: 2025 | E60: 5 | F60: ='Instrumento de Coleta - 25'!$N$22 -> -
A61: =B61&"-"&C61&"-"&D61&"-"&E61 -> 17-8-2025-5 | B61: =IFERROR(VLOOKUP($J$2,Aux!A:B,2,FALSE),"-") -> 17 | C61: 8 | D61: 2025 | E61: 5 | F61: ='Instrumento de Coleta - 25'!$N$25 -> -
A62: =B62&"-"&C62&"-"&D62&"-"&E62 -> 17-9-2025-5 | B62: =IFERROR(VLOOKUP($J$2,Aux!A:B,2,FALSE),"-") -> 17 | C62: 9 | D62: 2025 | E62: 5 | F62: ='Instrumento de Coleta - 25'!$N$33 -> -
A63: =B63&"-"&C63&"-"&D63&"-"&E63 -> 17-10-2025-5 | B63: =IFERROR(VLOOKUP($J$2,Aux!A:B,2,FALSE),"-") -> 17 | C63: 10 | D63: 2025 | E63: 5 | F63: ='Instrumento de Coleta - 25'!$N$34 -> -
A64: =B64&"-"&C64&"-"&D64&"-"&E64 -> 17-16-2025-5 | B64: =IFERROR(VLOOKUP($J$2,Aux!A:B,2,FALSE),"-") -> 17 | C64: 16 | D64: 2025 | E64: 5 | F64: ='Instrumento de Coleta - 25'!$N$29 -> -
A65: =B65&"-"&C65&"-"&D65&"-"&E65 -> 17-17-2025-5 | B65: =IFERROR(VLOOKUP($J$2,Aux!A:B,2,FALSE),"-") -> 17 | C65: 17 | D65: 2025 | E65: 5 | F65: ='Instrumento de Coleta - 25'!$N$30 -> -
A66: =B66&"-"&C66&"-"&D66&"-"&E66 -> 17-18-2025-5 | B66: =IFERROR(VLOOKUP($J$2,Aux!A:B,2,FALSE),"-") -> 17 | C66: 18 | D66: 2025 | E66: 5 | F66: ='Instrumento de Coleta - 25'!$N$31 -> -
A67: =B67&"-"&C67&"-"&D67&"-"&E67 -> 17-1-2025-6 | B67: =IFERROR(VLOOKUP($J$2,Aux!A:B,2,FALSE),"-") -> 17 | C67: 1 | D67: 2025 | E67: 6 | F67: ='Instrumento de Coleta - 25'!$O$9 -> -
A68: =B68&"-"&C68&"-"&D68&"-"&E68 -> 17-2-2025-6 | B68: =IFERROR(VLOOKUP($J$2,Aux!A:B,2,FALSE),"-") -> 17 | C68: 2 | D68: 2025 | E68: 6 | F68: ='Instrumento de Coleta - 25'!$O$10 -> -
A69: =B69&"-"&C69&"-"&D69&"-"&E69 -> 17-3-2025-6 | B69: =IFERROR(VLOOKUP($J$2,Aux!A:B,2,FALSE),"-") -> 17 | C69: 3 | D69: 2025 | E69: 6 | F69: ='Instrumento de Coleta - 25'!$O$13 -> -
A70: =B70&"-"&C70&"-"&D70&"-"&E70 -> 17-4-2025-6 | B70: =IFERROR(VLOOKUP($J$2,Aux!A:B,2,FALSE),"-") -> 17 | C70: 4 | D70: 2025 | E70: 6 | F70: ='Instrumento de Coleta - 25'!$O$14 -> -
A71: =B71&"-"&C71&"-"&D71&"-"&E71 -> 17-5-2025-6 | B71: =IFERROR(VLOOKUP($J$2,Aux!A:B,2,FALSE),"-") -> 17 | C71: 5 | D71: 2025 | E71: 6 | F71: ='Instrumento de Coleta - 25'!$O$16 -> -
A72: =B72&"-"&C72&"-"&D72&"-"&E72 -> 17-6-2025-6 | B72: =IFERROR(VLOOKUP($J$2,Aux!A:B,2,FALSE),"-") -> 17 | C72: 6 | D72: 2025 | E72: 6 | F72: ='Instrumento de Coleta - 25'!$O$19 -> -
A73: =B73&"-"&C73&"-"&D73&"-"&E73 -> 17-7-2025-6 | B73: =IFERROR(VLOOKUP($J$2,Aux!A:B,2,FALSE),"-") -> 17 | C73: 7 | D73: 2025 | E73: 6 | F73: ='Instrumento de Coleta - 25'!$O$22 -> -
A74: =B74&"-"&C74&"-"&D74&"-"&E74 -> 17-8-2025-6 | B74: =IFERROR(VLOOKUP($J$2,Aux!A:B,2,FALSE),"-") -> 17 | C74: 8 | D74: 2025 | E74: 6 | F74: ='Instrumento de Coleta - 25'!$O$25 -> -
A75: =B75&"-"&C75&"-"&D75&"-"&E75 -> 17-9-2025-6 | B75: =IFERROR(VLOOKUP($J$2,Aux!A:B,2,FALSE),"-") -> 17 | C75: 9 | D75: 2025 | E75: 6 | F75: ='Instrumento de Coleta - 25'!$O$33 -> -
A76: =B76&"-"&C76&"-"&D76&"-"&E76 -> 17-10-2025-6 | B76: =IFERROR(VLOOKUP($J$2,Aux!A:B,2,FALSE),"-") -> 17 | C76: 10 | D76: 2025 | E76: 6 | F76: ='Instrumento de Coleta - 25'!$O$34 -> -
A77: =B77&"-"&C77&"-"&D77&"-"&E77 -> 17-16-2025-6 | B77: =IFERROR(VLOOKUP($J$2,Aux!A:B,2,FALSE),"-") -> 17 | C77: 16 | D77: 2025 | E77: 6 | F77: ='Instrumento de Coleta - 25'!$O$29 -> -
A78: =B78&"-"&C78&"-"&D78&"-"&E78 -> 17-17-2025-6 | B78: =IFERROR(VLOOKUP($J$2,Aux!A:B,2,FALSE),"-") -> 17 | C78: 17 | D78: 2025 | E78: 6 | F78: ='Instrumento de Coleta - 25'!$O$30 -> -
A79: =B79&"-"&C79&"-"&D79&"-"&E79 -> 17-18-2025-6 | B79: =IFERROR(VLOOKUP($J$2,Aux!A:B,2,FALSE),"-") -> 17 | C79: 18 | D79: 2025 | E79: 6 | F79: ='Instrumento de Coleta - 25'!$O$31 -> -
A80: =B80&"-"&C80&"-"&D80&"-"&E80 -> 17-1-2025-7 | B80: =IFERROR(VLOOKUP($J$2,Aux!A:B,2,FALSE),"-") -> 17 | C80: 1 | D80: 2025 | E80: 7 | F80: ='Instrumento de Coleta - 25'!$P$9 -> -
A81: =B81&"-"&C81&"-"&D81&"-"&E81 -> 17-2-2025-7 | B81: =IFERROR(VLOOKUP($J$2,Aux!A:B,2,FALSE),"-") -> 17 | C81: 2 | D81: 2025 | E81: 7 | F81: ='Instrumento de Coleta - 25'!$P$10 -> -
A82: =B82&"-"&C82&"-"&D82&"-"&E82 -> 17-3-2025-7 | B82: =IFERROR(VLOOKUP($J$2,Aux!A:B,2,FALSE),"-") -> 17 | C82: 3 | D82: 2025 | E82: 7 | F82: ='Instrumento de Coleta - 25'!$P$13 -> -
A83: =B83&"-"&C83&"-"&D83&"-"&E83 -> 17-4-2025-7 | B83: =IFERROR(VLOOKUP($J$2,Aux!A:B,2,FALSE),"-") -> 17 | C83: 4 | D83: 2025 | E83: 7 | F83: ='Instrumento de Coleta - 25'!$P$14 -> -
A84: =B84&"-"&C84&"-"&D84&"-"&E84 -> 17-5-2025-7 | B84: =IFERROR(VLOOKUP($J$2,Aux!A:B,2,FALSE),"-") -> 17 | C84: 5 | D84: 2025 | E84: 7 | F84: ='Instrumento de Coleta - 25'!$P$16 -> -
A85: =B85&"-"&C85&"-"&D85&"-"&E85 -> 17-6-2025-7 | B85: =IFERROR(VLOOKUP($J$2,Aux!A:B,2,FALSE),"-") -> 17 | C85: 6 | D85: 2025 | E85: 7 | F85: ='Instrumento de Coleta - 25'!$P$19 -> -
A86: =B86&"-"&C86&"-"&D86&"-"&E86 -> 17-7-2025-7 | B86: =IFERROR(VLOOKUP($J$2,Aux!A:B,2,FALSE),"-") -> 17 | C86: 7 | D86: 2025 | E86: 7 | F86: ='Instrumento de Coleta - 25'!$P$22 -> -
A87: =B87&"-"&C87&"-"&D87&"-"&E87 -> 17-8-2025-7 | B87: =IFERROR(VLOOKUP($J$2,Aux!A:B,2,FALSE),"-") -> 17 | C87: 8 | D87: 2025 | E87: 7 | F87: ='Instrumento de Coleta - 25'!$P$25 -> -
A88: =B88&"-"&C88&"-"&D88&"-"&E88 -> 17-9-2025-7 | B88: =IFERROR(VLOOKUP($J$2,Aux!A:B,2,FALSE),"-") -> 17 | C88: 9 | D88: 2025 | E88: 7 | F88: ='Instrumento de Coleta - 25'!$P$33 -> -
A89: =B89&"-"&C89&"-"&D89&"-"&E89 -> 17-10-2025-7 | B89: =IFERROR(VLOOKUP($J$2,Aux!A:B,2,FALSE),"-") -> 17 | C89: 10 | D89: 2025 | E89: 7 | F89: ='Instrumento de Coleta - 25'!$P$34 -> -
A90: =B90&"-"&C90&"-"&D90&"-"&E90 -> 17-16-2025-7 | B90: =IFERROR(VLOOKUP($J$2,Aux!A:B,2,FALSE),"-") -> 17 | C90: 16 | D90: 2025 | E90: 7 | F90: ='Instrumento de Coleta - 25'!$P$29 -> -
A91: =B91&"-"&C91&"-"&D91&"-"&E91 -> 17-17-2025-7 | B91: =IFERROR(VLOOKUP($J$2,Aux!A:B,2,FALSE),"-") -> 17 | C91: 17 | D91: 2025 | E91: 7 | F91: ='Instrumento de Coleta - 25'!$P$30 -> -
A92: =B92&"-"&C92&"-"&D92&"-"&E92 -> 17-18-2025-7 | B92: =IFERROR(VLOOKUP($J$2,Aux!A:B,2,FALSE),"-") -> 17 | C92: 18 | D92: 2025 | E92: 7 | F92: ='Instrumento de Coleta - 25'!$P$31 -> -
A93: =B93&"-"&C93&"-"&D93&"-"&E93 -> 17-1-2025-8 | B93: =IFERROR(VLOOKUP($J$2,Aux!A:B,2,FALSE),"-") -> 17 | C93: 1 | D93: 2025 | E93: 8 | F93: ='Instrumento de Coleta - 25'!$Q$9 -> -
A94: =B94&"-"&C94&"-"&D94&"-"&E94 -> 17-2-2025-8 | B94: =IFERROR(VLOOKUP($J$2,Aux!A:B,2,FALSE),"-") -> 17 | C94: 2 | D94: 2025 | E94: 8 | F94: ='Instrumento de Coleta - 25'!$Q$10 -> -
A95: =B95&"-"&C95&"-"&D95&"-"&E95 -> 17-3-2025-8 | B95: =IFERROR(VLOOKUP($J$2,Aux!A:B,2,FALSE),"-") -> 17 | C95: 3 | D95: 2025 | E95: 8 | F95: ='Instrumento de Coleta - 25'!$Q$13 -> -
A96: =B96&"-"&C96&"-"&D96&"-"&E96 -> 17-4-2025-8 | B96: =IFERROR(VLOOKUP($J$2,Aux!A:B,2,FALSE),"-") -> 17 | C96: 4 | D96: 2025 | E96: 8 | F96: ='Instrumento de Coleta - 25'!$Q$14 -> -
A97: =B97&"-"&C97&"-"&D97&"-"&E97 -> 17-5-2025-8 | B97: =IFERROR(VLOOKUP($J$2,Aux!A:B,2,FALSE),"-") -> 17 | C97: 5 | D97: 2025 | E97: 8 | F97: ='Instrumento de Coleta - 25'!$Q$16 -> -
A98: =B98&"-"&C98&"-"&D98&"-"&E98 -> 17-6-2025-8 | B98: =IFERROR(VLOOKUP($J$2,Aux!A:B,2,FALSE),"-") -> 17 | C98: 6 | D98: 2025 | E98: 8 | F98: ='Instrumento de Coleta - 25'!$Q$19 -> -
A99: =B99&"-"&C99&"-"&D99&"-"&E99 -> 17-7-2025-8 | B99: =IFERROR(VLOOKUP($J$2,Aux!A:B,2,FALSE),"-") -> 17 | C99: 7 | D99: 2025 | E99: 8 | F99: ='Instrumento de Coleta - 25'!$Q$22 -> -
A100: =B100&"-"&C100&"-"&D100&"-"&E100 -> 17-8-2025-8 | B100: =IFERROR(VLOOKUP($J$2,Aux!A:B,2,FALSE),"-") -> 17 | C100: 8 | D100: 2025 | E100: 8 | F100: ='Instrumento de Coleta - 25'!$Q$25 -> -
...

Sheet Aux
A1: DEPARTAMENTOS | B1: COD_DP
A2: AC | B2: 27
A3: AL | B3: 1
A4: AM | B4: 20
A5: AP | B5: 2
A6: BA | B6: 21
A7: BR | B7: 28
A8: CE | B8: 3
A9: CO | B9: 31
A10: DF | B10: 4
A11: ES | B11: 24
A12: GO | B12: 5
A13: MA | B13: 6
... A33: TO | B33: 19
